Workbook

Sheet COS Summary
A1: Summary of Adjustments to Cost of Service | F1: Exhibit DPS-SGW-1
A2: For the Test Year Ended June 30, 2024
A3: Cost of Service Summary
C5: Reference | D5: Test Year | E5: Known & | F5: Rate Year | G5: Percent of
A6: Line # | B6: Description | C6: Schedule # | D6: 7/1/23-6/30/24 | E6: Measurables | F6: 8/1/25-7/31/26 | G6: Increase
B8: Operating Expenses
A9: 1 | B9: Fuel | C9: 1 | D9: ='Sch 1-Fuel'!C22 -> 7107412 | E9: ='Sch 1-Fuel'!D22 -> 76708 | F9: =D9+E9 -> 7184120 | G9: =E9/D9 -> 0.010792677
A10: 2 | B10: Production | C10: 2 | D10: ='Sch 2-Production'!C68 -> 3618572.9 | E10: ='Sch 2-Production'!D68 -> 303957.81 | F10: =D10+E10 -> 3922530.7 | G10: =E10/D10 -> 0.083999361
A11: 3 | B11: Purchased Power | C11: 3 | D11: ='Sch 3-Purchased Power'!C54 -> 16818263 | E11: ='Sch 3-Purchased Power'!D54 -> 1077211.7 | F11: =D11+E11 -> 17895475 | G11: =E11/D11 -> 0.064050117
A12: 4 | B12: Transmission | C12: 4 | D12: ='Sch 4-Transmission'!C31 -> 9653764.5 | E12: ='Sch 4-Transmission'!D31 -> 2270996.4 | F12: =D12+E12 -> 11924761 | G12: =E12/D12 -> 0.23524464
A13: 5 | B13: Subtotal Power Supply | D13: =SUM(D9:D12) -> 37198013 | E13: =SUM(E9:E12) -> 3728873.9 | F13: =SUM(F9:F12) -> 40926887 | G13: =E13/D13 -> 0.1002439
A15: 6 | B15: Administrative and General | C15: 5 | D15: ='Sch 5-A & G'!C22 -> 7656360.9 | E15: ='Sch 5-A & G'!D22 -> 1877312.8 | F15: =D15+E15 -> 9533673.7 | G15: =E15/D15 -> 0.24519648
A16: 7 | B16: Customer Accounting & Services | C16: 6 | D16: ='Sch 6-Customer Acct & Serv'!C35 -> 6724854.7 | E16: ='Sch 6-Customer Acct & Serv'!D35 -> 53085.741 | F16: =D16+E16 -> 6777940.5 | G16: =E16/D16 -> 0.007893961
A17: 8 | B17: Distribution | C17: 7 | D17: ='Sch 7-Distribution'!C35 -> 3590222.1 | E17: ='Sch 7-Distribution'!D35 -> 195624.47 | F17: =D17+E17 -> 3785846.6 | G17: =E17/D17 -> 0.054488125
A18: 9 | B18: System Load Control and Dispatch | C18: 8 | D18: ='Sch 8-Sys Load Cnrl & Disp'!C14 -> 1546277.4 | E18: ='Sch 8-Sys Load Cnrl & Disp'!D14 -> -132966 | F18: =D18+E18 -> 1413311.4 | G18: =E18/D18 -> -0.085991037
A19: 10 | B19: Subtotal Operation & Maintenance | D19: =SUM(D15:D18) -> 19517715 | E19: =SUM(E15:E18) -> 1993057 | F19: =SUM(F15:F18) -> 21510772 | G19: =E19/D19 -> 0.10211528
A21: =1+A19 -> 11 | B21: Depreciation & Amortization | C21: 9 | D21: ='Sch 9-Dep & Amt'!C122 -> 6526867 | E21: ='Sch 9-Dep & Amt'!D122 -> -219097.25 | F21: =D21+E21 -> 6307769.7 | G21: =E21/D21 -> -0.033568518
A23: =1+A21 -> 12 | B23: Taxes | C23: 10 | D23: ='Sch 10-Taxes'!C29 -> 3395540.1 | E23: ='Sch 10-Taxes'!D29 -> 264461.99 | F23: =D23+E23 -> 3660002.1 | G23: =E23/D23 -> 0.077885102
A25: =1+A23 -> 13 | B25: Total Operating Expense | D25: =+D13+D19+D21+D23 -> 66638135 | E25: =+E13+E19+E21+E23 -> 5767295.6 | F25: =+F13+F19+F21+F23 -> 72405431 | G25: =E25/D25 -> 0.086546474
B27: Income
A28: =1+A25 -> 14 | B28: Interest Income | C28: 11 | D28: ='Sch 11-Interest Income'!C18 -> 811784.95 | E28: ='Sch 11-Interest Income'!D18 -> -332636.28 | F28: =D28+E28 -> 479148.67 | G28: =E28/D28 -> -0.40975911
A29: =A28+1 -> 15 | B29: Dividend Income | C29: 12 | D29: ='Sch 12-Dividend Income'!C16 -> 4532992.2 | E29: ='Sch 12-Dividend Income'!D16 -> -32322.8 | F29: =D29+E29 -> 4500669.5 | G29: =E29/D29 -> -0.0071305659
A30: 16 | B30: Other Income | C30: 13 | D30: ='Sch13-Other Inc (Exp)'!C38-D31 -> 5094126 | E30: ='Sch13-Other Inc (Exp)'!D38-E31 -> -613077.02 | F30: =D30+E30 -> 4481049 | G30: =E30/D30 -> -0.1203498
A31: 17 | B31: Other Income-REC Revenue | C31: 13 | D31: =SUM('Sch13-Other Inc (Exp)'!C30:C33) -> 6778263.2 | E31: =SUM('Sch13-Other Inc (Exp)'!D30:D33) -> 1287960.9 | F31: =D31+E31 -> 8066224.1 | G31: =E31/D31 -> 0.1900134
A32: 18 | B32: Total Income | D32: =SUM(D28:D31) -> 17217166 | E32: =SUM(E28:E31) -> 309924.77 | F32: =SUM(F28:F31) -> 17527091 | G32: =E32/D32 -> 0.018000916
A34: =1+A32 -> 19 | B34: Net Utility Expense | D34: =+D25-D32 -> 49420969 | E34: =+E25-E32 -> 5457370.8 | F34: =+F25-F32 -> 54878339 | G34: =E34/D34 -> 0.11042622
A36: 20 | B36: Interest Expense | C36: 14 | D36: =+'Sch 14-Interest Expense'!C63 -> 3345010.7 | E36: =+'Sch 14-Interest Expense'!D63 -> -291448.59 | F36: =+D36+E36 -> 3053562.1 | G36: =E36/D36 -> -0.087129345
A38: 21 | B38: Total Cost of Service | D38: =+D34+D36 -> 52765979 | E38: =+E34+E36 -> 5165922.2 | F38: =+F34+F36 -> 57931901 | G38: =E38/D38 -> 0.097902518
B40: Revenue at Existing Rates | C40: 15 | D40: ='Sch 15-Revenue'!C17 -> 54016707 | E40: =+'Sch 15-Revenue'!D17 -> 3492688 | F40: =D40+E40 -> 57509395 | G40: =+E40/D40 -> 0.064659402
B41: Revenue Requirement for 2.0 TIER | F41: =F40*G41 -> 3476068.4 | G41: =(((F36*2+F34)/F40)-1) -> 0.060443488
B42: Net Income @ 2.0 TIER Revenue Requirement | D42: =D40+D41-D38 -> 1250727.9 | E42: =E40+E41-E38 -> -1673234.2 | F42: =F40+F41-F38 -> 3053562.1
B43: Times Interest Earned Ratio (TIER) | D43: =+(D42+D36)/D36 -> 1.3739085 | F43: =(F42+F$36)/F$36 -> 2

Sheet K&M Summary
A1: Burlington Electric Department | H1: Known and Measurable Changes
A2: Known and Measurable Changes
A3: =+'COS Summary'!A2 -> For the Test Year Ended June 30, 2024
A5: Item # | B5: FERC | D5: Description | E5: Type | F5: Change | G5: BEC Ref # | H5: Comments
A6: 1 | B6: =+'Sch 1-Fuel'!A14 -> 501 | C6: =+'Sch 1-Fuel'!A6 -> Power Production Expense - Fuel | D6: =+'Sch 1-Fuel'!B14 -> Fuel - Wood | E6: Expense | F6: =+'Sch 1-Fuel'!D14 -> 275056 | G6: 2 | H6: =+'Sch 1-Fuel'!B25 -> McNeil (wood only) costs are using the most recent contracted price. Decreased costs in Rate Year. Used 12 months-ending-May 2025 production.
A7: =A6+1 -> 2 | B7: ='Sch 1-Fuel'!A15 -> 501 | C7: =+'Sch 1-Fuel'!A6 -> Power Production Expense - Fuel | D7: =+'Sch 1-Fuel'!B15 -> Fuel - Other | E7: Expense | F7: ='Sch 1-Fuel'!D15 -> 2639 | H7: ='Sch 1-Fuel'!B26 -> Yardworker positions not filled for entirety of Test Year are now filled.
A8: =A7+1 -> 3 | B8: =+'Sch 1-Fuel'!A19 -> 547 | C8: =+'Sch 1-Fuel'!A6 -> Power Production Expense - Fuel | D8: =+'Sch 1-Fuel'!B19 -> GT Fuel - Oil | E8: Expense | F8: =+'Sch 1-Fuel'!D20 -> -200987 | H8: ='Sch 1-Fuel'!B27 -> GT fuel costs are using most recent fuel purchase price (12/4/24). Production is based on historical averages from 2006 to 3/31/25. Decreased costs in Rate Year.
A9: =+A8+1 -> 4 | B9: =+'Sch 2-Production'!A13 -> 500 | C9: =+'Sch 1-Fuel'!A6 -> Power Production Expense - Fuel | D9: =+'Sch 2-Production'!B13 -> Supervision & Engineering | E9: Expense | F9: =+'Sch 2-Production'!D13 -> 181716 | H9: =+'Sch 2-Production'!B72 -> Net effect of new Associate Generation Engineer position now being filled and employee turnover in Director of Generation positions.
A10: =+A9+1 -> 5 | B10: =+'Sch 2-Production'!A14 -> 502 | C10: ='Sch 2-Production'!A6 -> Power Production Expense - Except Fuel | D10: ='Sch 2-Production'!B13 -> Supervision & Engineering | E10: Expense | F10: =+'Sch 2-Production'!D14 -> 88990 | H10: =+'Sch 2-Production'!B73 -> Auxiliary Operator positions not filled for entirety of Test Year are now filled.
A11: =A10+1 -> 6 | B11: =+'Sch 2-Production'!A15 -> 505 | C11: =+'Sch 2-Production'!A6 -> Power Production Expense - Except Fuel | D11: McNeil Plant Maintenance | E11: Expense | F11: =+'Sch 2-Production'!D15 -> 347 | H11: =+'Sch 2-Production'!B74 -> Station Operator turnover.
A12: =A11+1 -> 7 | B12: =+'Sch 2-Production'!A20 -> 510 | C12: ='Sch 2-Production'!A6 -> Power Production Expense - Except Fuel | D12: ='Sch 2-Production'!B47 -> Supervision & Engineering | E12: Expense | F12: =+'Sch 2-Production'!D20 -> 37933 | H12: =+'Sch 2-Production'!B75 -> Supervisor of Plant Maintenance position not filled for entirety of Test Year. Position was converted to Working Crew Leader General Maintenance and is now filled.
A13: =A12+1 -> 8 | B13: =+'Sch 2-Production'!A22 -> 512 | C13: ='Sch 2-Production'!A6 -> Power Production Expense - Except Fuel | D13: =+'Sch 2-Production'!B22 -> Boiler Plant | E13: Expense | F13: =+'Sch 2-Production'!D22 -> 10104.814 | H13: =+'Sch 2-Production'!B76 -> Requested regulatory accounting treatment to amortize McNeil Fuel Oil Tank Cleaning & Inspection over 10 years, FY25-FY35. Mechanic 1st Class B position not filled for entirety of Test Year filled, $5,280.
A14: =A13+1 -> 9 | B14: =+'Sch 2-Production'!A23 -> 513 | C14: ='Sch 2-Production'!A6 -> Power Production Expense - Except Fuel | D14: =+'Sch 2-Production'!B23 -> Electric Plant | E14: Expense | F14: =+'Sch 2-Production'!D23 -> 108876 | H14: =+'Sch 2-Production'!B77 -> Generation Generalist and Electrician position turnover and Generation Technician position vacant during the Test Year is now filled.
A15: =A14+1 -> 10 | B15: =+'Sch 2-Production'!A47 -> 535 | C15: =+'Sch 2-Production'!A6 -> Power Production Expense - Except Fuel | D15: =+'Sch 2-Production'!B47 -> Supervision & Engineering | E15: Expense | F15: =+'Sch 2-Production'!D47 -> -124009 | H15: =+'Sch 2-Production'!B78 -> Hydro Generation Technician II position filled for entirety of Test Year is currently vacant.
A16: =+A15+1 -> 11 | B16: 555 | C16: =+'Sch 3-Purchased Power'!A6 -> Purchased Power Expense | D16: =+'Sch 3-Purchased Power'!B11 -> Capacity | E16: Expense | F16: =+'Sch 3-Purchased Power'!D13 -> -302197.46 | G16: 3 | H16: ='Sch 3-Purchased Power'!B57 -> Prices are based on clearing prices in FCAs 16 and 17. ISO-NE Exchange Capacity Load Obligation is based on the calculated obligation given our Summer 2024 peak. Capacity produced is based on the amounts cleared in FCAs 16 and 17. No reconfiguration auction activity is assumed.
A17: =A16+1 -> 12 | B17: 555 | C17: =+'Sch 3-Purchased Power'!A6 -> Purchased Power Expense | D17: =+'Sch 3-Purchased Power'!B11 -> Capacity | E17: Expense | F17: =+'Sch 3-Purchased Power'!D14 -> -9169.9828 | G17: 3 | H17: ='Sch 3-Purchased Power'!B58 -> Prices and capacity produced are based on clearing prices and amounts in FCAs 16 and 17.
A18: =A17+1 -> 13 | B18: 555 | C18: =+'Sch 3-Purchased Power'!A6 -> Purchased Power Expense | D18: =+'Sch 3-Purchased Power'!B11 -> Capacity | E18: Expense | F18: =+'Sch 3-Purchased Power'!D15 -> 1211.61 | G18: 3 | H18: ='Sch 3-Purchased Power'!B59 -> No Pay for Performance assumed in Rate Year.
A19: =A18+1 -> 14 | B19: 555 | C19: =+'Sch 3-Purchased Power'!A6 -> Purchased Power Expense | D19: =+'Sch 3-Purchased Power'!$B$18 -> Energy | E19: Expense | F19: =+'Sch 3-Purchased Power'!D21 -> 548534.43 | H19: ='Sch 3-Purchased Power'!B60 -> Prices are based on the contract rate. Production is based on the historical average production for the period 11/1/11-5/31/25. Test Year production was 25,641 MWh. Rate Year production assumed to be 31,247 MWh based on historical average. Includes congestion true-up.
A20: =A19+1 -> 15 | B20: 555 | C20: =+'Sch 3-Purchased Power'!$A$6 -> Purchased Power Expense | D20: =+'Sch 3-Purchased Power'!$B$18 -> Energy | E20: Expense | F20: =+'Sch 3-Purchased Power'!D22 -> 403117.74 | H20: ='Sch 3-Purchased Power'!B61 -> Prices are based on the contract rate. Production is based on the historical average production for the period 1/1/13-5/31/25. Given the seasonality of production and January price increase, the corresponding months in the Test Year and Rate Year are used (i.e., July 2023 corresponds to July 2026, while August 2023 corresponds to August 2025). Test Year production was 26,076 MWh. Rate Year production assumed to be 28,210 MWh based on historical average.
A21: =A20+1 -> 16 | B21: 555 | C21: =+'Sch 3-Purchased Power'!$A$6 -> Purchased Power Expense | D21: =+'Sch 3-Purchased Power'!$B$18 -> Energy | E21: Expense | F21: =+'Sch 3-Purchased Power'!D24 -> 616938.1 | H21: ='Sch 3-Purchased Power'!B62 -> Prices are based on six-month weighted average forward energy price settlement. Individual contract resource volume assumptions are as noted under that resource. Load is the Test Year load. Given the seasonality of production and prices, the corresponding months in the Test Year and Rate Year are used (i.e., July 2023 corresponds to July 2026, while August 2023 corresponds to August 2025).
A22: =A21+1 -> 17 | B22: 555 | C22: =+'Sch 3-Purchased Power'!$A$6 -> Purchased Power Expense | D22: =+'Sch 3-Purchased Power'!$B$18 -> Energy | E22: Expense | F22: =+'Sch 3-Purchased Power'!D25 -> 0 | H22: ='Sch 3-Purchased Power'!B63 -> No changes assumed.
A23: =A22+1 -> 18 | B23: 555 | C23: =+'Sch 3-Purchased Power'!$A$6 -> Purchased Power Expense | D23: =+'Sch 3-Purchased Power'!$B$18 -> Energy | E23: Expense | F23: =+'Sch 3-Purchased Power'!D27 -> -60688.8 | H23: ='Sch 3-Purchased Power'!B64 -> Current Price for entire period. No production change.
A24: =A23+1 -> 19 | B24: 555 | C24: =+'Sch 3-Purchased Power'!$A$6 -> Purchased Power Expense | D24: =+'Sch 3-Purchased Power'!$B$18 -> Energy | E24: Expense | F24: =+'Sch 3-Purchased Power'!D28 -> 433927.76 | H24: ='Sch 3-Purchased Power'!B65 -> No contract rate changes. Test Year production was 29,276 MWh. Rate Year production assumed to be 34,045 MWh based on average production from 1/1/17-5/31/25.
A25: =A24+1 -> 20 | B25: 555 | C25: =+'Sch 3-Purchased Power'!$A$6 -> Purchased Power Expense | D25: =+'Sch 3-Purchased Power'!$B$18 -> Energy | E25: Expense | F25: =+'Sch 3-Purchased Power'!D29 -> -2164831.2 | H25: ='Sch 3-Purchased Power'!B66 -> Contract expired 12/31/24.
A26: =A25+1 -> 21 | B26: 555 | C26: =+'Sch 3-Purchased Power'!$A$6 -> Purchased Power Expense | D26: =+'Sch 3-Purchased Power'!$B$18 -> Energy | E26: Expense | F26: =+'Sch 3-Purchased Power'!D30 -> 825578.04 | H26: ='Sch 3-Purchased Power'!B67 -> Contracted from 7/1/24 (no Test Year production) to 12/31/25. 11,046 MWh based on FirstLight forecast based on 50-year history.
A27: =A26+1 -> 22 | B27: 555 | C27: =+'Sch 3-Purchased Power'!$A$6 -> Purchased Power Expense | D27: =+'Sch 3-Purchased Power'!$B$33 -> Ancillary | E27: Expense | F27: =+'Sch 3-Purchased Power'!D35 -> 273200.24 | H27: ='Sch 3-Purchased Power'!B68 -> FER and EIR impacts from pro-rated experience from 3/1/25-6/2/25.
A28: =A27+1 -> 23 | B28: 555 | C28: =+'Sch 3-Purchased Power'!$A$6 -> Purchased Power Expense | D28: =+'Sch 3-Purchased Power'!B36 -> ISO-NE Winter Reliability Program | E28: Expense | F28: =+'Sch 3-Purchased Power'!D36 -> -206098.68
A29: =A28+1 -> 24 | B29: 555 | C29: =+'Sch 3-Purchased Power'!$A$6 -> Purchased Power Expense | D29: =+'Sch 3-Purchased Power'!B44 -> Tier 1 RES Compliance Expense | E29: Expense | F29: =+'Sch 3-Purchased Power'!D44 -> 650078.21 | H29: =+'Sch 3-Purchased Power'!B69 -> Current Inventory plus contracted RECs plus remainder at market prices.
A30: =A29+1 -> 25 | B30: 555 | C30: =+'Sch 3-Purchased Power'!$A$6 -> Purchased Power Expense | D30: =+'Sch 3-Purchased Power'!B45 -> Tier 5 RES Compliance Expense | E30: Expense | F30: =+'Sch 3-Purchased Power'!D45 -> 32454.317
A31: =A30+1 -> 26 | B31: 555 | C31: =+'Sch 3-Purchased Power'!$A$6 -> Purchased Power Expense | D31: =+'Sch 3-Purchased Power'!B46 -> ISO NE Exchange | E31: Expense | F31: =+'Sch 3-Purchased Power'!D46 -> 35157.42 | H31: =+'Sch 3-Purchased Power'!B70 -> Current rates for schedules 1 and 5.
A32: =A31+1 -> 27 | B32: =+'Sch 4-Transmission'!A$20 -> 565 | C32: =+'Sch 4-Transmission'!A$6 -> Transmission Expense | D32: =+'Sch 4-Transmission'!B$19 -> Transmission by Others | E32: Expense | F32: =+'Sch 4-Transmission'!D20 -> 1810911.7 | H32: ='Sch 4-Transmission'!B34 -> Current Schedule 1 rates are used through Rate Year. Current Schedule 9 rates are used through December 2025 and Forecast for 2026. The Test Year Network Loads are used.
A33: =A32+1 -> 28 | B33: =+'Sch 4-Transmission'!A$20 -> 565 | C33: =+'Sch 4-Transmission'!A$6 -> Transmission Expense | D33: =+'Sch 4-Transmission'!B$19 -> Transmission by Others | E33: Expense | F33: =+'Sch 4-Transmission'!D21 -> 404280.86 | H33: ='Sch 4-Transmission'!B35 -> VELCO’s common and BED’s Specific Facilities charges are from the most recent forecast ("Actuals through February 2025") of common charges prepared by VELCO. BED’s share of charges from the Test Year is used for each month of the Rate Year.
A34: =A33+1 -> 29 | B34: =+'Sch 4-Transmission'!A$20 -> 565 | C34: =+'Sch 4-Transmission'!A$6 -> Transmission Expense | D34: =+'Sch 4-Transmission'!B$19 -> Transmission by Others | E34: Expense | F34: =+'Sch 4-Transmission'!D23 -> 6003.8147 | H34: ='Sch 4-Transmission'!B36 -> Current rate is assumed. BED’s share of those rates is based on our share during the Test Year.
A35: =A34+1 -> 30 | B35: =+'Sch 4-Transmission'!A$20 -> 565 | C35: =+'Sch 4-Transmission'!A$6 -> Transmission Expense | D35: =+'Sch 4-Transmission'!B$19 -> Transmission by Others | E35: Expense | F35: =+'Sch 4-Transmission'!D24 -> 49800 | H35: ='Sch 4-Transmission'!B37 -> Current rate is assumed. Reservation is 10MW Firm.
A36: =A35+1 -> 31 | B36: =+'Sch 5-A & G'!A11 -> 920 | C36: =+'Sch 5-A & G'!$A$6 -> Administrative and General Expense | D36: =+'Sch 5-A & G'!B11 -> Salaries | E36: Expense | F36: =+'Sch 5-A & G'!D11 -> 966283 | H36: =+'Sch 5-A & G'!B25 -> Cost-of-Living Adjustments for FY25 (4%) and FY26 (3%) company-wide (not just FERC 920) based on total test year salaries/wages of $8,810,698. COLA salary/wage component = $627,322 and labor overhead component = $149,211. (Labor Overhead rate includes new 0.44% Childcare Contribution Tax; does not include medical, dental or life insurance expense.) Change in administrative staff expenses (salary and labor overhead) of $189,751 is the net effect of multiple separations/replacements and promotions.
A37: =A36+1 -> 32 | B37: ='Sch 5-A & G'!A12 -> 921 | C37: =+'Sch 5-A & G'!$A$6 -> Administrative and General Expense | D37: =+'Sch 5-A & G'!B12 -> Office Supplies and Expenses | E37: Expense | F37: ='Sch 5-A & G'!D12 -> 7688 | H37: ='Sch 5-A & G'!B26 -> Based on 3-year average of actual expenses, FY22-FY24, with FY22 and FY23 CPI-adjusted.
A38: =A37+1 -> 33 | B38: =+'Sch 5-A & G'!A14 -> 923 | C38: =+'Sch 5-A & G'!$A$6 -> Administrative and General Expense | D38: =+'Sch 5-A & G'!B14 -> Outside Services Employed | E38: Expense | F38: =+'Sch 5-A & G'!D14 -> -27081.27 | H38: {='Sch 5-A & G'!B27:G27} -> Based on 3-year average of actual expenses less District Energy-related expenses, FY22-FY24, with FY22 and FY23 CPI-adjusted. | I38: 0 | J38: 0 | K38: 0 | L38: 0 | M38: 0
A39: =A38+1 -> 34 | B39: 924 | C39: =+'Sch 5-A & G'!$A$6 -> Administrative and General Expense | D39: =+'Sch 5-A & G'!B15 -> Property Insurance | E39: Expense | F39: ='Sch 5-A & G'!D15 -> -30505 | H39: =+'Sch 5-A & G'!B28 -> Known cost increase (based on actual invoice received in FY25): $38,112 for boiler & machinery insurance. Cost savings from eliminating umbrella insurance policy effective 11/1/25, ($68,617).
A40: =A39+1 -> 35 | B40: =+'Sch 5-A & G'!A16 -> 925 | C40: =+'Sch 5-A & G'!$A$6 -> Administrative and General Expense | D40: =+'Sch 5-A & G'!B16 -> Injuries and Damages | E40: Expense | F40: =+'Sch 5-A & G'!D16 -> 149747.69 | H40: =+'Sch 5-A & G'!B29 -> Based on 3-year average of actual non-labor expenses, FY22-FY24, with FY22 and FY23 CPI-adjusted.
A41: =A40+1 -> 36 | B41: =+'Sch 5-A & G'!A17 -> 926 | C41: =+'Sch 5-A & G'!$A$6 -> Administrative and General Expense | D41: =+'Sch 5-A & G'!B17 -> Employee Pensions and Benefits | E41: Expense | F41: =+'Sch 5-A & G'!D17 -> 794454 | H41: =+'Sch 5-A & G'!B30 -> Pension adjustment of $266,663 based FY26 ADEC. Health, dental and life insurance increases of $501,731, $22,039, and $4,021, respectively, based on average cost per enrolled FTE and number of enrolled FTEs.
A42: =A41+1 -> 37 | B42: =+'Sch 5-A & G'!A20 -> 930 | C42: =+'Sch 5-A & G'!$A$6 -> Administrative and General Expense | D42: =+'Sch 5-A & G'!B20 -> Miscellaneous A & G | E42: Expense | F42: =+'Sch 5-A & G'!D20 -> 16726.33 | H42: =+'Sch 5-A & G'!B29 -> Based on 3-year average of actual non-labor expenses, FY22-FY24, with FY22 and FY23 CPI-adjusted.
A43: =A42+1 -> 38 | B43: =+'Sch 6-Customer Acct & Serv'!A13 -> 902 | C43: =+'Sch 6-Customer Acct & Serv'!A6 -> Customer Accounts / Service Expense | D43: =+'Sch 6-Customer Acct & Serv'!B13 -> Meter Reading | E43: Expense | F43: =+'Sch 6-Customer Acct & Serv'!D13 -> 12911.3 | H43: =+'Sch 6-Customer Acct & Serv'!B38 -> Known cost increases (based on actual invoices received in FY25): $1,929.30 for Central Square maintenance; $1,602 for Mythics Oracle License for OpenWay; $24,207.51 for Itron Certicom maintenance; $19,749.73 for Itron OpenWay and Multispeak; $178.65 for Itron FCS maintenance; $93.11 for Itron Mobile Radio maintenance. Net effect of 50% of Meter to Cash Analyst position retirement and replacement ($34,849); other 50% allocated to FERC 903.
A44: =A43+1 -> 39 | B44: =+'Sch 6-Customer Acct & Serv'!A14 -> 903 | C44: =+'Sch 6-Customer Acct & Serv'!A6 -> Customer Accounts / Service Expense | D44: =+'Sch 6-Customer Acct & Serv'!B14 -> Customer Records & Collections | E44: Expense | F44: =+'Sch 6-Customer Acct & Serv'!D14 -> -217497.41 | H44: =+'Sch 6-Customer Acct & Serv'!B39 -> Known cost increases (based on actual invoices received in FY25): $4,694.86 for Central Square maintenance; $2,951.32 for Compass Meter Data Mgmt System and Silverblaze customer portal; $118,250 for SpryPoint. Reduced ($312,527.59) for removal of convenience fee coverage with Paymentus. $13,819 for postage rate increase with Doxim. $44,685 is the net effect on labor expenses of retirements/separations and replacement hires for Customer Care Rep and 50% of Meter to Cash Analyst position.
A45: =A44+1 -> 40 | B45: ='Sch 6-Customer Acct & Serv'!A20 -> 908 | C45: =+'Sch 6-Customer Acct & Serv'!A6 -> Customer Accounts / Service Expense | D45: =+'Sch 6-Customer Acct & Serv'!B20 -> Customer Assistance | E45: Expense | F45: =+'Sch 6-Customer Acct & Serv'!D20 -> -8989 | H45: =+'Sch 6-Customer Acct & Serv'!B40 -> Sr. Innovation Spec & Cust Care Rep position filled for 8% of Test Year was not backfilled.
A46: =A45+1 -> 41 | B46: ='Sch 6-Customer Acct & Serv'!A21 -> 908 | C46: =+'Sch 6-Customer Acct & Serv'!A6 -> Customer Accounts / Service Expense | D46: ='Sch 6-Customer Acct & Serv'!B21 -> Tier 3 | E46: Expense | F46: =+'Sch 6-Customer Acct & Serv'!D21 -> 263244.72 | H46: =+'Sch 6-Customer Acct & Serv'!B41 -> Cost of Tier 3 RES compliance, $1,003,114, based on Rate Year compliance obligation percentage, Test Year load, and unit cost of Tier 3 credit inventory as of April 2025.
A47: =+A46+1 -> 42 | B47: =+'Sch 6-Customer Acct & Serv'!A34 -> 909 | C47: =+'Sch 6-Customer Acct & Serv'!A6 -> Customer Accounts / Service Expense | D47: =+'Sch 6-Customer Acct & Serv'!B34 -> Informational Advertising | E47: Expense | F47: =+'Sch 6-Customer Acct & Serv'!D34 -> 3416.13 | H47: {=+'Sch 6-Customer Acct & Serv'!B42:G42} -> Based on 3-year average of actual non-labor expenses, FY22-FY24, with FY22 and FY23 CPI-adjusted. | I47: 0 | J47: 0 | K47: 0 | L47: 0 | M47: 0
A48: =+A47+1 -> 43 | B48: ='Sch 7-Distribution'!A12 -> 580 | C48: ='Sch 7-Distribution'!A6 -> Distribution Expense | D48: ='Sch 7-Distribution'!B12 -> Supervision and Engineering | E48: Expense | F48: ='Sch 7-Distribution'!D12 -> 139383 | H48: ='Sch 7-Distribution'!B38 -> Engineer positions vacant for portion of Test Year are now filled.
A49: =A48+1 -> 44 | B49: ='Sch 7-Distribution'!A13 -> 582 | C49: =+'Sch 7-Distribution'!A6 -> Distribution Expense | D49: =+'Sch 7-Distribution'!B13 -> Station | E49: Expense | F49: =+'Sch 7-Distribution'!D13 -> 47473.47 | H49: ='Sch 7-Distribution'!B39 -> Known service cost changes (based on actual invoices received in FY25): ($28,599) for difference between annual support/maintenance costs of old SCADA system and new replacement SCADA system; $76,072.47 for MS SCADA SQL Server and MS Windows Server Datacenter for SCADA.
A50: =A49+1 -> 45 | B50: =+'Sch 7-Distribution'!A17 -> 586 | C50: =+'Sch 7-Distribution'!A6 -> Distribution Expense | D50: =+'Sch 7-Distribution'!B17 -> Meters | E50: Expense | F50: =+'Sch 7-Distribution'!D17 -> 103010 | H50: =+'Sch 7-Distribution'!B40 -> Line Extension Right of Way Coordinator position that was vacant during the Test Year is now filled. Troubleshooter position was vacated and replaced by a Meter Technician at lower wages.
A51: =A50+1 -> 46 | B51: =+'Sch 7-Distribution'!A20 -> 589 | C51: ='Sch 7-Distribution'!A6 -> Distribution Expense | D51: =+'Sch 7-Distribution'!B19 -> Miscellaneous | E51: Expense | F51: =+'Sch 7-Distribution'!D19 -> 27000 | H51: ='Sch 7-Distribution'!B41 -> Known service cost changes (based on actual invoices received in FY25): $27,000 for SpryMobile.
A52: =A51+1 -> 47 | B52: =+'Sch 7-Distribution'!A26 -> 592 | C52: Distribution Expense | D52: =+'Sch 7-Distribution'!B26 -> Station Equipment | E52: Expense | F52: =+'Sch 7-Distribution'!D26 -> -149206 | H52: ='Sch 7-Distribution'!B42 -> Working Crew Leader-Engineering Technician retired and position remains vacant.
A53: =A52+1 -> 48 | B53: =+'Sch 7-Distribution'!A27 -> 593 | C53: Distribution Expense | D53: =+'Sch 7-Distribution'!B27 -> Overhead Lines | E53: Expense | F53: =+'Sch 7-Distribution'!D27 -> 52104 | H53: ='Sch 7-Distribution'!B43 -> Net effect on labor expense of resignations and replacement hires of Apprentice Lineworkers.
A54: =A53+1 -> 49 | B54: =+'Sch 7-Distribution'!A28 -> 594 | C54: Distribution Expense | D54: =+'Sch 7-Distribution'!B28 -> Underground Lines | E54: Expense | F54: =+'Sch 7-Distribution'!D28 -> -24140 | H54: ='Sch 7-Distribution'!B44 -> Replacement employee for Underground Cable Locator position at lower starting wages.
A55: =A54+1 -> 50 | B55: ='Sch 8-Sys Load Cnrl & Disp'!A12 -> 556 | C55: ='Sch 8-Sys Load Cnrl & Disp'!A7 -> System Load Control and Dispatch | D55: ='Sch 8-Sys Load Cnrl & Disp'!B12 -> System Control and Load Dispatch | E55: Expense | F55: ='Sch 8-Sys Load Cnrl & Disp'!D12 -> -132966 | H55: ='Sch 8-Sys Load Cnrl & Disp'!B17 -> Net effect on labor expense associated with filling previously vacant position and eliminating temporary position. Power Systems Coordinator filled for entirety of Test Year is currently vacant.
A56: =A55+1 -> 51 | B56: ='Sch 9-Dep & Amt'!A13 -> 403 | C56: ='Sch 9-Dep & Amt'!B10 -> Depreciation Expense | D56: Depreciation | E56: Expense | F56: ='Sch 9-Dep & Amt'!D98 -> -373735.18 | G56: 1 | H56: ='Sch 9-Dep & Amt'!B100 -> Per schedule
A57: =A56+1 -> 52 | B57: 405 | C57: ='Sch 9-Dep & Amt'!B103 -> Amortization Expense | D57: Amortization | E57: Expense | F57: ='Sch 9-Dep & Amt'!D107 -> -22206.07 | G57: 2 | H57: ='Sch 9-Dep & Amt'!B109 -> Per schedule
A58: =A57+1 -> 53 | B58: 407.3 | C58: ='Sch 9-Dep & Amt'!B112 -> Amortization of Deferred Costs | D58: ='Sch 9-Dep & Amt'!B113 -> Regulatory Debits | E58: Expense | F58: ='Sch 9-Dep & Amt'!D113 -> 164344 | H58: {='Sch 9-Dep & Amt'!B125:E125} -> Annual amortization of McNeil major turbine overhaul over 7 years, $164,344, as approved in Case No. 21-2186-TF. | I58: 0 | J58: 0 | K58: 0
A59: =A58+1 -> 54 | B59: 407.4 | C59: ='Sch 9-Dep & Amt'!B112 -> Amortization of Deferred Costs | D59: ='[1]Sch 9-Dep & Amt'!B114 -> Regulatory Credits | E59: Expense | F59: ='[1]Sch 9-Dep & Amt'!D114 -> -20309.076 | H59: {='[1]Sch 9-Dep & Amt'!B127:E127} -> First year of a proposed 5-year amortization of a new regulatory liability of $101,545.38 to be created in FY25 pending decision in Case No. 24-1848, $20,309. | I59: 0 | J59: 0 | K59: 0
A60: =A59+1 -> 55 | B60: 407.11 | C60: ='Sch 9-Dep & Amt'!B112 -> Amortization of Deferred Costs | D60: ='Sch 9-Dep & Amt'!B114 -> Winooski One Hydro | E60: Expense | F60: ='Sch 9-Dep & Amt'!D114 -> 12500 | H60: {='Sch 9-Dep & Amt'!B126:E126} -> Per schedule. | I60: 0 | J60: 0 | K60: 0
A61: =A60+1 -> 56 | B61: ='Sch 10-Taxes'!A29 -> 408 | C61: Taxes | D61: =+'Sch 10-Taxes'!B17 -> Total Payment in Lieu of Tax | E61: Expense | F61: =+'Sch 10-Taxes'!D17 -> 374385 | H61: =+'Sch 10-Taxes'!B32 -> Based on City of Burlington assessed property value as of 4/1/24 and City's actual 24-25 tax rate plus 6% assumed increase, as incorporated into BED's FY 2026 Budget.
A62: =A61+1 -> 57 | B62: =+'Sch 10-Taxes'!A29 -> 408 | C62: Taxes | D62: =+'Sch 10-Taxes'!B19 -> Gross Revenue Tax - State of Vermont | E62: Expense | F62: =+'Sch 10-Taxes'!D19 -> 38872.934 | H62: =+'Sch 10-Taxes'!B33 -> Calculated based on additional revenue from 5.5% rate increase effective on bills rendered 9/1/2024 (approved in Case No. 24-1848-TF), $18,341; additional revenue based on 4.5% proposed rate case, $13,587; additional Rent from Electric Property and Miscellaneous Electric Revenues, $6,949.
A63: =A62+1 -> 58 | B63: =+'Sch 10-Taxes'!A29 -> 408 | C63: Taxes | D63: =+'Sch 10-Taxes'!B20 -> Gross Receipts Tax - State of Vermont | E63: Expense | F63: =+'Sch 10-Taxes'!D20 -> 30403.054 | H63: =+'Sch 10-Taxes'!B34 -> Calculated based on additional revenue from 5.5% rate increase effective on bills rendered 9/1/2024 (approved in Case No. 24-1848-TF), $17,467; additional revenue based on 4.5% proposed rate case, $12,940.
A64: =A63+1 -> 59 | B64: =+'Sch 10-Taxes'!A29 -> 408 | C64: Taxes | D64: =+'Sch 10-Taxes'!B28 -> Property Taxes - Hydro Plant | E64: Expense | F64: =+'Sch 10-Taxes'!D28 -> -179199 | H64: =+'Sch 10-Taxes'!B35 -> Based on budgeted FY26 property tax rate for Winooski One Hydro Plant.
A65: =A64+1 -> 60 | B65: 427-431 | C65: ='Sch 14-Interest Expense'!A6 -> Interest Expense | D65: ='Sch 14-Interest Expense'!B63 -> Total Interest Expense | E65: Expense | F65: =+'Sch 14-Interest Expense'!D63 -> -291448.59 | G65: 7 | H65: Based on interest schedules for outstanding GO bonds and Revenue bonds. See Sch 14-Interest Expense.
A66: Expense Subtotal | F66: =SUM(F6:F65) -> 5455537.9
A67: =A65+1 -> 61 | B67: ='Sch 11-Interest Income'!A18 -> 419 | C67: ='Sch 11-Interest Income'!A6 -> Interest Income | D67: ='Sch 11-Interest Income'!B18 -> Total Interest Income | E67: Income | F67: ='Sch 11-Interest Income'!D18 -> -332636.28 | G67: 1 | H67: See detail on Sch 11-Interest Income
A68: =+A67+1 -> 62 | B68: ='Sch 12-Dividend Income'!A16 -> 419 | C68: ='Sch 12-Dividend Income'!A6 -> Dividend Income | D68: ='Sch 12-Dividend Income'!B16 -> Total Dividend Income | E68: Income | F68: ='Sch 12-Dividend Income'!D16 -> -32322.8 | H68: See detail on Sch 12-Dividend Income
A69: =+A68+1 -> 63 | B69: ='Sch13-Other Inc (Exp)'!A12 -> 415-416 | C69: =+'Sch13-Other Inc (Exp)'!B11 -> Other Income and Deductions | D69: ='Sch13-Other Inc (Exp)'!B12 -> Profit/(Loss) from Merchandising and Jobbing | E69: Income | F69: ='Sch13-Other Inc (Exp)'!D12 -> 11672 | H69: =+'Sch13-Other Inc (Exp)'!B41 -> Profit/(Loss) from jobbing/orders. Lead/lag due to timing of expense vs billings.
A70: =+A69+1 -> 64 | B70: ='Sch13-Other Inc (Exp)'!A13 -> 421 | C70: =+'Sch13-Other Inc (Exp)'!B11 -> Other Income and Deductions | D70: =+'Sch13-Other Inc (Exp)'!B13 -> Miscellaneous Non-Operating Income | E70: Income | F70: ='Sch13-Other Inc (Exp)'!D13 -> -660545.68 | H70: =+'Sch13-Other Inc (Exp)'!B42 -> See subschedule 13A; primarily related to non-recurring grant income, customer contributions to capital projects (used 5-year average), and unrealized gain/loss on investments (used 3-year average).
A71: =+A70+1 -> 65 | B71: =+'Sch13-Other Inc (Exp)'!A19 -> 454 | C71: =+'Sch13-Other Inc (Exp)'!B17 -> Rent from Electric Property | D71: =+'Sch13-Other Inc (Exp)'!B19 -> Conduit Use Fees | E71: Income | F71: =+'Sch13-Other Inc (Exp)'!D19 -> 51476 | H71: =+'Sch13-Other Inc (Exp)'!B43 -> Conduit rental fee, applied to 37,903 feet of rented conduit, increased from $0.6898 to $2.0479, excluding gross revenue tax and franchise fee, effective 7/1/2024.
A72: =+A71+1 -> 66 | B72: =+'Sch13-Other Inc (Exp)'!A26 -> 456 | C72: =+'Sch13-Other Inc (Exp)'!B22 -> Miscellaneous Electric Revenues | D72: =+'Sch13-Other Inc (Exp)'!B26 -> Winooski One - Fish Passage Plan | E72: Income | F72: =+'Sch13-Other Inc (Exp)'!D26 -> -15679.34 | H72: =+'Sch13-Other Inc (Exp)'!B44 -> Test Year includes an additional entry from FY23 due to timing.
A73: =+A71+1 -> 66 | B73: 456 | C73: =+'Sch13-Other Inc (Exp)'!$B$22 -> Miscellaneous Electric Revenues | D73: REC Sales | E73: Income | F73: =SUM('Sch13-Other Inc (Exp)'!D30:D33) -> 1287960.9 | H73: =+'Sch13-Other Inc (Exp)'!B45 -> Actual sales for the Rate Year are reflected at their contract price. Any remaining RECs (based on Rate Year resource production less Rate Year contracted sales) are assumed to be sold at market prices based on average bids and offers of REC forwards as of 6/4/25.
A74: =+A73+1 -> 67 | B74: 440-449 | C74: =+'Sch 15-Revenue'!B17 -> Total Revenue from Electric Sales | D74: Total Revenue | E74: Income | F74: =+'Sch 15-Revenue'!D17 -> 3492688 | H74: {='Sch 15-Revenue'!B20:E20} -> Reduction in Residential Sales of $76,907 due to a significant increase in the number of customers receiving Energy Assistance after 6/30/24. Revenues increased by 5.5% per rate increase effective with bills rendered September 1, 2024; approved May 1, 2025 in Case No. 24-1848-TF. | I74: 0 | J74: 0 | K74: 0
A75: Revenue Subtotal | F75: =SUM(F67:F74) -> 3802612.8
A76: Total | F76: =F66-F75 -> 1652925.2
F79: =F76+'COS Summary'!E42 -> -20309.076
F80: =-F76-'COS Summary'!E42 -> 20309.076

Sheet Sch 1-Fuel
A1: Burlington Electric Department | G1: Schedule 1
A2: Summary of Adjustments to Cost of Service
A3: =+'COS Summary'!A2 -> For the Test Year Ended June 30, 2024
A6: Power Production Expense - Fuel
C8: Test Year | D8: Known and | E8: Rate Year
A9: FERC | B9: Description | C9: =+'COS Summary'!D6 -> 7/1/23-6/30/24 | D9: Measurables | E9: =+'COS Summary'!F6 -> 8/1/25-7/31/26 | G9: Note
B11: McNeil
A12: 501 | B12: Fuel - Oil | C12: 8909.99 | E12: =SUM(C12:D12) -> 8909.99
A13: 501 | B13: Fuel - Gas | C13: 16975.5 | E13: =SUM(C13:D13) -> 16975.5
A14: 501 | B14: Fuel - Wood | C14: =+M40 -> 4864372 | D14: 275056 | E14: =SUM(C14:D14) -> 5139428 | G14: 1
A15: 501 | B15: Fuel - Other | C15: =+M41 -> 1907503 | D15: 2639 | E15: =SUM(C15:D15) -> 1910142 | G15: 2
B16: Sub Total McNeil | C16: =SUM(C12:C15) -> 6797760.5 | D16: =SUM(D12:D15) -> 277695 | E16: =SUM(E12:E15) -> 7075455.5
B18: GT
A19: 547 | B19: GT Fuel - Oil | C19: 309651.52 | D19: -200987 | E19: =SUM(C19:D19) -> 108664.52 | G19: 3
B20: Sub Total Gas Turbine | C20: =SUM(C19:C19) -> 309651.52 | D20: =SUM(D19:D19) -> -200987 | E20: =SUM(C20:D20) -> 108664.52
B22: Total Fuel Expense | C22: =+C16+C20 -> 7107412 | D22: =+D16+D20 -> 76708 | E22: =+E16+E20 -> 7184120
A24: Notes:
A25: 1 | B25: McNeil (wood only) costs are using the most recent contracted price. Decreased costs in Rate Year. Used 12 months-ending-May 2025 production.
A26: 2 | B26: Yardworker positions not filled for entirety of Test Year are now filled.
A27: 3 | B27: GT fuel costs are using most recent fuel purchase price (12/4/24). Production is based on historical averages from 2006 to 3/31/25. Decreased costs in Rate Year.
L32: Fuel Oil | M32: 8909.99
L33: Fuel Gas | M33: 16975.5
L34: Fuel Wood * | M34: 6771874.7
L35: Total McNeil Fuel | M35: =SUM(M32:M34) -> 6797760.2
L37: * Fuel Wood includes "Other"
L40: Wood only | M40: 4864372
L41: Other | M41: 1907503
M43: =+M40+M41 -> 6771875
M44: =+M43-M34 -> 0.27

Sheet Sch 2-Production
A1: Burlington Electric Department | G1: Schedule 2
A2: Summary of Adjustments to Cost of Service
A3: =+'COS Summary'!A2 -> For the Test Year Ended June 30, 2024
A6: Power Production Expense - Except Fuel
C8: Test Year | D8: Known and | E8: Rate Year
A9: FERC | B9: Description | C9: =+'COS Summary'!D6 -> 7/1/23-6/30/24 | D9: Measurables | E9: =+'COS Summary'!F6 -> 8/1/25-7/31/26 | G9: Note
B11: Production Expense - McNeil
B12: Operation
A13: 500 | B13: Supervision & Engineering | C13: 226484.24 | D13: 181716 | E13: =SUM(C13:D13) -> 408200.24 | G13: 1
A14: 502 | B14: Steam Expenses | C14: 1018522.5 | D14: 88990 | E14: =SUM(C14:D14) -> 1107512.5 | G14: 2
A15: 505 | B15: Electric Expenses | C15: 373170.91 | D15: 347 | E15: =SUM(C15:D15) -> 373517.91 | G15: 3
A16: 506 | B16: Miscellaneous Steam Power | C16: 355731.26 | E16: =SUM(C16:D16) -> 355731.26
B17: Subtotal - Operation | C17: =SUM(C13:C16) -> 1973908.9 | D17: =SUM(D13:D16) -> 271053 | E17: =SUM(C17:D17) -> 2244961.9
B19: Maintenance
A20: 510 | B20: Supervision & Engineering | C20: 50506.03 | D20: 37933 | E20: =SUM(C20:D20) -> 88439.03 | G20: 4
A21: 511 | B21: Structures | C21: 28383.55 | E21: =SUM(C21:D21) -> 28383.55
A22: 512 | B22: Boiler Plant | C22: 551143.5 | D22: =(96496.27*0.5)/10+5280 -> 10104.814 | E22: =SUM(C22:D22) -> 561248.31 | G22: 5
A23: 513 | B23: Electric Plant | C23: 330371.16 | D23: =108876 -> 108876 | E23: =SUM(C23:D23) -> 439247.16 | G23: 6
A24: 514 | B24: Miscellaneous Plant | C24: 11490.62 | E24: =SUM(C24:D24) -> 11490.62
B25: Subtotal - Maintenance | C25: =SUM(C20:C24) -> 971894.86 | D25: =SUM(D20:D24) -> 156913.81 | E25: =SUM(C25:D25) -> 1128808.7
B27: Total Production Expense - McNeil | C27: =+C25+C17 -> 2945803.8 | D27: =+D25+D17 -> 427966.81 | E27: =SUM(C27:D27) -> 3373770.6
B29: Production Expense - Gas Turbine
B30: Operations
A31: 546 | B31: Supervision & Engineering | C31: 17346.77 | E31: =SUM(C31:D31) -> 17346.77
A32: 548 | B32: Generation Expense | C32: 30968.53
A33: 549 | B33: Miscellaneous Power Generation | C33: 18196.21 | E33: =SUM(C33:D33) -> 18196.21
A34: 549.01 | B34: CO2 Credits | E34: =SUM(C34:D34) -> 0
A35: 550 | B35: Rents | E35: =SUM(C35:D35) -> 0
B36: Subtotal - Production Expense Gas Turbine | C36: =SUM(C31:C35) -> 66511.51 | D36: =SUM(D31:D35) -> 0 | E36: =SUM(E31:E35) -> 35542.98
B38: Maintenance
A39: 552 | B39: Structures | C39: 21852.77 | E39: =SUM(C39:D39) -> 21852.77
A40: 553 | B40: Generating and Electric Plant | C40: 126438.49 | E40: =SUM(C40:D40) -> 126438.49
B41: Subtotal - Maintenance | C41: =SUM(C39:C40) -> 148291.26 | D41: =SUM(D39:D40) -> 0 | E41: =SUM(E39:E40) -> 148291.26
B43: Total Production Expense - Gas Turbine | C43: =+C41+C36 -> 214802.77 | D43: =+D41+D36 -> 0 | E43: =SUM(C43:D43) -> 214802.77
B45: Production Expense - Hydro
B46: Operations
A47: 535 | B47: Supervision & Engineering | C47: 208846.88 | D47: -124009 | E47: =SUM(C47:D47) -> 84837.88 | G47: 7
A48: 536 | B48: Water for Power | C48: 12876.21 | E48: =SUM(C48:D48) -> 12876.21
A49: 537 | B49: Hydraulic | C49: 22722.38 | E49: =SUM(C49:D49) -> 22722.38
A50: 540 | B50: Rents | E50: =SUM(C50:D50) -> 0
E51: =SUM(C51:D51) -> 0
B52: Maintenance
A53: 541 | B53: Supervision & Engineering | E53: =SUM(C53:D53) -> 0
A54: 542 | B54: Structures | C54: 49410.26 | E54: =SUM(C54:D54) -> 49410.26
A55: 543 | B55: Reservoir/ Dams | C55: 49798.18 | E55: =SUM(C55:D55) -> 49798.18
A56: 544 | B56: Electric Plant | C56: 28389.6 | E56: =SUM(C56:D56) -> 28389.6
A57: 545 | B57: Miscellaneous | C57: 38515.44 | E57: =SUM(C57:D57) -> 38515.44
A58: 539 | B58: Hydraulic | C58: 28289.26 | E58: =SUM(C58:D58) -> 28289.26
B59: Total Production Expense - Hydro | C59: =SUM(C47:C58) -> 438848.21 | D59: =SUM(D47:D58) -> -124009 | E59: =SUM(E47:E58) -> 314839.21
B61: Production Expense - Solar Power
B62: O&M
A63: 550 | B63: Rents-Airport | C63: 18996 | E63: =SUM(C63:D63) -> 18996
A64: 552.02 | B64: Maintenance - Airport | C64: 122.16 | E64: =SUM(C64:D64) -> 122.16
A65: 552.03 | B65: Maintenance - Pine Street | E65: =SUM(C65:D65) -> 0
B66: Total Production Expense - Solar Power | C66: =SUM(C63:C65) -> 19118.16 | D66: =SUM(D63:D65) -> 0 | E66: =SUM(C66:D66) -> 19118.16
B68: Grand Total Production Expense | C68: =+C43+C27+C59+C66 -> 3618572.9 | D68: =+D43+D27+D59+D66 -> 303957.81 | E68: =+E43+E27+E59+E66 -> 3922530.7
A70: Notes:
A72: 1 | B72: Net effect of new Associate Generation Engineer position now being filled and employee turnover in Director of Generation positions.
A73: 2 | B73: Auxiliary Operator positions not filled for entirety of Test Year are now filled.
A74: 3 | B74: Station Operator turnover.
A75: 4 | B75: Supervisor of Plant Maintenance position not filled for entirety of Test Year. Position was converted to Working Crew Leader General Maintenance and is now filled.
A76: 5 | B76: Requested regulatory accounting treatment to amortize McNeil Fuel Oil Tank Cleaning & Inspection over 10 years, FY25-FY35. Mechanic 1st Class B position not filled for entirety of Test Year filled, $5,280.
A77: 6 | B77: Generation Generalist and Electrician position turnover and Generation Technician position vacant during the Test Year is now filled.
A78: 7 | B78: Hydro Generation Technician II position filled for entirety of Test Year is currently vacant.

Sheet Sch 3-Purchased Power
A1: Burlington Electric Department | G1: Schedule 3
A2: Summary of Adjustments to Cost of Service
A3: =+'COS Summary'!A2 -> For the Test Year Ended June 30, 2024
A6: Purchased Power Expense
C8: Test Year | D8: Known and | E8: Rate Year
A9: FERC | B9: Description | C9: =+'COS Summary'!D6 -> 7/1/23-6/30/24 | D9: Measurables | E9: =+'COS Summary'!F6 -> 8/1/25-7/31/26 | G9: Note
A10: 555
B11: Capacity
B12: NYPA (Niagara & St. Lawrence) | C12: 127794.96 | E12: =+C12+D12 -> 127794.96
B13: ISO-New England | C13: 988497.27 | D13: -302197.46 | E13: =+C13+D13 -> 686299.81 | G13: 1
B14: VT Wind/Sheffield | C14: -76214.05 | D14: -9169.9828 | E14: =+C14+D14 -> -85384.033 | G14: 2
B15: Hancock Wind | C15: -1211.61 | D15: 1211.61 | E15: =+C15+D15 -> 0 | G15: 3
B16: Total Capacity | C16: =SUM(C12:C15) -> 1038866.6 | D16: =SUM(D12:D15) -> -310155.83 | E16: =SUM(C16:D16) -> 728710.74
B18: Energy
B19: NYPA (Niagara & St. Lawrence) | C19: 87962.18 | E19: =SUM(C19:D19) -> 87962.18
B20: VEPPI | E20: =SUM(C20:D20) -> 0
B21: Vermont Wind/Sheffield | C21: 2115376.9 | D21: 548534.43 | E21: =SUM(C21:D21) -> 2663911.3 | G21: 4
B22: Georgia Wind | C22: 3183388.7 | D22: 403117.74 | E22: =SUM(C22:D22) -> 3586506.4 | G22: 5
B23: VELCO Exchange | C23: -3294.2 | E23: =SUM(C23:D23) -> -3294.2
B24: ISO-NE Exchange | C24: =336081.44-C25 -> -184202.56 | D24: 616938.1 | E24: =SUM(C24:D24) -> 432735.54 | G24: 6
B25: ISO Exchange Adjustment | C25: 520284 | E25: =SUM(C25:D25) -> 520284 | G25: 7
B26: In City Solar Generators | C26: 779347 | E26: =SUM(C26:D26) -> 779347
B27: Hydro Quebec | C27: 3592720.8 | D27: -60688.8 | E27: =SUM(C27:D27) -> 3532032 | G27: 8
B28: Hancock Wind | C28: 2664134.2 | D28: 433927.76 | E28: =SUM(C28:D28) -> 3098062 | G28: 9
B29: Great River Hydro | C29: 2164831.2 | D29: -2164831.2 | E29: =SUM(C29:D29) -> 0 | G29: 10
B30: FirstLight | C30: 0 | D30: 825578.04 | E30: =SUM(C30:D30) -> 825578.04 | G30: 11
B31: Total Energy | C31: =SUM(C18:C30) -> 14920548 | D31: =SUM(D18:D30) -> 602576.07 | E31: =SUM(C31:D31) -> 15523124
B33: Ancillary
B34: VELCO Exchange | C34: 8079.03 | E34: =SUM(C34:D34) -> 8079.03
B35: ISO-NE Ancillary | C35: -296162.11 | D35: 273200.24 | E35: =SUM(C35:D35) -> -22961.867 | G35: 12
B36: ISO-NE Winter Reliability Program | C36: 206098.68 | D36: -206098.68 | E36: =SUM(C36:D36) -> 0
B37: Total Ancillary | C37: =SUM(C34:C36) -> -81984.4 | D37: =SUM(D34:D36) -> 67101.563 | E37: =SUM(E34:E36) -> -14882.837
B39: Miscellaneous
B40: NYPA (Niagra & St. Lawrence) | C40: 1435.48 | E40: =SUM(C40:D40) -> 1435.48
B41: VELCO Exchange | C41: 7220.66 | E41: =SUM(C41:D41) -> 7220.66
B42: VEPPI | E42: =SUM(C42:D42) -> 0
B43: GMCW | C43: 588 | E43: =SUM(C43:D43) -> 588
B44: Tier 1 RES Compliance Expense | C44: 333178 | D44: ='[2]pp m rec'!C31 -> 650078.21 | E44: =SUM(C44:D44) -> 983256.21 | G44: 13
B45: Tier 5 RES Compliance Expense | D45: 32454.317 | E45: =SUM(C45:D45) -> 32454.317
B46: ISO NE Exchange | C46: 602059.26 | D46: 35157.42 | E46: =SUM(C46:D46) -> 637216.68 | G46: 14
B47: ISO NE Resettlement | C47: -3648.48 | E47: =SUM(C47:D47) -> -3648.48
B48: Total Miscellaneous | C48: =SUM(C40:C47) -> 940832.92 | D48: =SUM(D40:D47) -> 717689.94 | E48: =SUM(C48:D48) -> 1658522.9
B50: Credits
B51: VEPPI Power Sale Credit | E51: =SUM(C51:D51) -> 0
B52: Total Credits | C52: =SUM(C51:C51) -> 0 | D52: =SUM(D51:D51) -> 0 | E52: =SUM(E51:E51) -> 0
B54: Total Purchased Power Expense | C54: =SUM(C48,C37,C31,C16,C52) -> 16818263 | D54: =SUM(D48,D37,D31,D16,D52) -> 1077211.7 | E54: =SUM(E48,E37,E31,E16,E52) -> 17895475
A56: Notes:
A57: 1 | B57: Prices are based on clearing prices in FCAs 16 and 17. ISO-NE Exchange Capacity Load Obligation is based on the calculated obligation given our Summer 2024 peak. Capacity produced is based on the amounts cleared in FCAs 16 and 17. No reconfiguration auction activity is assumed.
A58: =A57+1 -> 2 | B58: Prices and capacity produced are based on clearing prices and amounts in FCAs 16 and 17.
A59: =A58+1 -> 3 | B59: No Pay for Performance assumed in Rate Year.
A60: =A59+1 -> 4 | B60: Prices are based on the contract rate. Production is based on the historical average production for the period 11/1/11-5/31/25. Test Year production was 25,641 MWh. Rate Year production assumed to be 31,247 MWh based on historical average. Includes congestion true-up.
A61: =A60+1 -> 5 | B61: Prices are based on the contract rate. Production is based on the historical average production for the period 1/1/13-5/31/25. Given the seasonality of production and January price increase, the corresponding months in the Test Year and Rate Year are used (i.e., July 2023 corresponds to July 2026, while August 2023 corresponds to August 2025). Test Year production was 26,076 MWh. Rate Year production assumed to be 28,210 MWh based on historical average.
A62: =A61+1 -> 6 | B62: Prices are based on six-month weighted average forward energy price settlement. Individual contract resource volume assumptions are as noted under that resource. Load is the Test Year load. Given the seasonality of production and prices, the corresponding months in the Test Year and Rate Year are used (i.e., July 2023 corresponds to July 2026, while August 2023 corresponds to August 2025).
A63: =A62+1 -> 7 | B63: No changes assumed.
A64: =A63+1 -> 8 | B64: Current Price for entire period. No production change.
A65: =A64+1 -> 9 | B65: No contract rate changes. Test Year production was 29,276 MWh. Rate Year production assumed to be 34,045 MWh based on average production from 1/1/17-5/31/25.
A66: =A65+1 -> 10 | B66: Contract expired 12/31/24.
A67: =A66+1 -> 11 | B67: Contracted from 7/1/24 (no Test Year production) to 12/31/25. 11,046 MWh based on FirstLight forecast based on 50-year history.
A68: 12 | B68: FER and EIR impacts from pro-rated experience from 3/1/25-6/2/25.
A69: 13 | B69: Current Inventory plus contracted RECs plus remainder at market prices.
A70: 14 | B70: Current rates for schedules 1 and 5.

Sheet Sch 4-Transmission
A1: Burlington Electric Department | G1: Schedule 4
A2: Summary of Adjustments to Cost of Service
A3: =+'COS Summary'!A2 -> For the Test Year Ended June 30, 2024
A6: Transmission Expense
C8: Test Year | D8: Known and | E8: Rate Year
A9: FERC | B9: Description | C9: =+'COS Summary'!D6 -> 7/1/23-6/30/24 | D9: Measurables | E9: =+'COS Summary'!F6 -> 8/1/25-7/31/26 | G9: Note
A12: 561.5 | B12: Reliability, Planning & Standards Development | E12: =SUM(C12:D12) -> 0
B13: Subtotal - Other | C13: =+C12 -> 0 | D13: =+D12 -> 0 | E13: =+E12 -> 0
E15: =SUM(C15:D15) -> 0
A16: 562 | B16: Station Expense - McNeil | C16: 1065.65 | E16: =SUM(C16:D16) -> 1065.65
B17: Subtotal - Station | C17: =SUM(C16:C16) -> 1065.65 | D17: =SUM(D16:D16) -> 0 | E17: =SUM(C17:D17) -> 1065.65
B19: Transmission by Others
A20: 565 | B20: ISO-NE (Operating) | C20: 7252075.6 | D20: 1810911.7 | E20: =SUM(C20:D20) -> 9062987.3 | G20: 1
B21: VELCO (Operating) | C21: 1694691.6 | D21: 404280.86 | E21: =SUM(C21:D21) -> 2098972.5 | G21: 2
B22: NYPA (Operating) | C22: 283470.04 | E22: =SUM(C22:D22) -> 283470.04
B23: GMP (Operating) | C23: 44368.6 | D23: 6003.8147 | E23: =SUM(C23:D23) -> 50372.415 | G23: 3
B24: GMP-Georgia Wind | C24: 367800 | D24: 49800 | E24: =SUM(C24:D24) -> 417600 | G24: 4
B25: Subtotal - Transmission by Others | C25: =SUM(C20:C24) -> 9642405.9 | D25: =SUM(D20:D24) -> 2270996.4 | E25: =SUM(C25:D25) -> 11913402
A27: 567 | B27: Rents - McNeil | C27: 10293.04 | E27: =SUM(C27:D27) -> 10293.04
B28: Subtotal - Rents | C28: =SUM(C27:C27) -> 10293.04 | D28: =SUM(D27:D27) -> 0 | E28: =SUM(C28:D28) -> 10293.04
B31: Total Transmission | C31: =+C13+C17+C25+C28 -> 9653764.5 | D31: =+D13+D17+D25+D28 -> 2270996.4 | E31: =+E13+E17+E25+E28 -> 11924761
A33: Notes:
A34: 1 | B34: Current Schedule 1 rates are used through Rate Year. Current Schedule 9 rates are used through December 2025 and Forecast for 2026. The Test Year Network Loads are used.
A35: 2 | B35: VELCO’s common and BED’s Specific Facilities charges are from the most recent forecast ("Actuals through February 2025") of common charges prepared by VELCO. BED’s share of charges from the Test Year is used for each month of the Rate Year.
A36: 3 | B36: Current rate is assumed. BED’s share of those rates is based on our share during the Test Year.
A37: 4 | B37: Current rate is assumed. Reservation is 10MW Firm.

Sheet Sch 5-A & G
A1: Burlington Electric Department | G1: Schedule 5
A2: Summary of Adjustments to Cost of Service
A3: =+'COS Summary'!A2 -> For the Test Year Ended June 30, 2024
A6: Administrative and General Expense
C8: Test Year | D8: Known and | E8: Rate Year
A9: FERC | B9: Description | C9: =+'COS Summary'!D6 -> 7/1/23-6/30/24 | D9: Measurables | E9: =+'COS Summary'!F6 -> 8/1/25-7/31/26 | G9: Note
A11: 920 | B11: Salaries | C11: 2687383.3 | D11: =776532+189751 -> 966283 | E11: =SUM(C11:D11) -> 3653666.3 | G11: 1
A12: 921 | B12: Office Supplies and Expenses | C12: 474586.28 | D12: =482274-474586 -> 7688 | E12: =SUM(C12:D12) -> 482274.28 | G12: 2
A13: 922 | B13: A & G Expense Transfer | C13: -798984.83 | E13: =SUM(C13:D13) -> -798984.83
A14: 923 | B14: Outside Services Employed | C14: 934881.27 | D14: =907800-C14 -> -27081.27 | E14: =SUM(C14:D14) -> 907800 | G14: 3
A15: 924 | B15: Property Insurance | C15: 571015.22 | D15: =38112-68617 -> -30505 | E15: =SUM(C15:D15) -> 540510.22 | G15: 4
A16: 925 | B16: Injuries and Damages | C16: 971125.25 | D16: 149747.69 | E16: =SUM(C16:D16) -> 1120872.9 | G16: 5
A17: 926 | B17: Employee Pensions and Benefits | C17: 2237001.8 | D17: =266663+501731+22039+4021 -> 794454 | E17: =SUM(C17:D17) -> 3031455.8 | G17: 6
A18: 928 | B18: Regulatory Commission | C18: 294937.82 | E18: =SUM(C18:D18) -> 294937.82
A19: 929 | B19: Duplicate Charges Credit | C19: -20193.29 | E19: =SUM(C19:D19) -> -20193.29
A20: 930 | B20: Miscellaneous A & G | C20: 178585.89 | D20: 16726.33 | E20: =SUM(C20:D20) -> 195312.22 | G20: 5
A21: 935 | B21: Maintenance of General Plant | C21: 126022.22 | E21: =SUM(C21:D21) -> 126022.22
B22: Total Administrative and General Expense | C22: =SUM(C11:C21) -> 7656360.9 | D22: =SUM(D11:D21) -> 1877312.8 | E22: =SUM(C22:D22) -> 9533673.7
A24: Notes:
A25: 1 | B25: Cost-of-Living Adjustments for FY25 (4%) and FY26 (3%) company-wide (not just FERC 920) based on total test year salaries/wages of $8,810,698. COLA salary/wage component = $627,322 and labor overhead component = $149,211. (Labor Overhead rate includes new 0.44% Childcare Contribution Tax; does not include medical, dental or life insurance expense.) Change in administrative staff expenses (salary and labor overhead) of $189,751 is the net effect of multiple separations/replacements and promotions.
A26: =A25+1 -> 2 | B26: Based on 3-year average of actual expenses, FY22-FY24, with FY22 and FY23 CPI-adjusted.
A27: 3 | B27: Based on 3-year average of actual expenses less District Energy-related expenses, FY22-FY24, with FY22 and FY23 CPI-adjusted.
A28: 4 | B28: Known cost increase (based on actual invoice received in FY25): $38,112 for boiler & machinery insurance. Cost savings from eliminating umbrella insurance policy effective 11/1/25, ($68,617).
A29: =+A28+1 -> 5 | B29: Based on 3-year average of actual non-labor expenses, FY22-FY24, with FY22 and FY23 CPI-adjusted.
A30: 6 | B30: Pension adjustment of $266,663 based FY26 ADEC. Health, dental and life insurance increases of $501,731, $22,039, and $4,021, respectively, based on average cost per enrolled FTE and number of enrolled FTEs.

Sheet Sch 6-Customer Acct & Serv
A1: Burlington Electric Department | G1: Schedule 6
A2: Summary of Adjustments to Cost of Service
A3: =+'COS Summary'!A2 -> For the Test Year Ended June 30, 2024
A6: Customer Accounts / Service Expense
C8: Test Year | D8: Known and | E8: Rate Year
A9: FERC | B9: Description | C9: =+'COS Summary'!D6 -> 7/1/23-6/30/24 | D9: Measurables | E9: =+'COS Summary'!F6 -> 8/1/25-7/31/26 | G9: Note
B11: Customer Accounts
A12: 901 | B12: Supervision | C12: 225675.53 | E12: =SUM(C12:D12) -> 225675.53
A13: 902 | B13: Meter Reading | C13: 282386.53 | D13: =1929.3+1602+24207.51+19749.73+178.65+93.11-34849 -> 12911.3 | E13: =SUM(C13:D13) -> 295297.83 | G13: 1
A14: 903 | B14: Customer Records & Collections | C14: 1664607 | D14: =4694.86+2951.32+118250-312527.59+13819-44685 -> -217497.41 | E14: =SUM(C14:D14) -> 1447109.6 | G14: 2
A15: 904 | B15: Uncollectible Accounts | C15: 325301.68 | E15: =SUM(C15:D15) -> 325301.68
B16: Total Customer Accounts | C16: =SUM(C12:C15) -> 2497970.8 | D16: =SUM(D12:D15) -> -204586.11 | E16: =SUM(C16:D16) -> 2293384.7
B18: Customer Service
A19: 907 | B19: Customer Serv & Info Supervision | C19: 64286.23 | E19: =SUM(C19:D19) -> 64286.23
A20: 908 | B20: Customer Assistance | C20: 123593.23 | D20: -8989 | E20: =SUM(C20:D20) -> 114604.23 | G20: 3
A21: 908 | B21: Tier 3 | C21: 739869.69 | D21: 263244.72 | E21: =SUM(C21:D21) -> 1003114.4 | G21: 4
A22: 908 | B22: Net Zero Roadmap | C22: 5000 | E22: =SUM(C22:D22) -> 5000
A23: 908 | B23: EV Match P&P | E23: =SUM(C23:D23) -> 0
A24: 908 | B24: Residential Energy Services | C24: 60585.92 | E24: =SUM(C24:D24) -> 60585.92
A25: 908 | B25: Commercial Energy Services | C25: 69051.49 | E25: =SUM(C25:D25) -> 69051.49
A26: 908 | B26: Commercial Energy Standards | C26: 33.31 | E26: =SUM(C26:D26) -> 33.31
A27: 908 | B27: Time of Sale | C27: 15099.41 | E27: =SUM(C27:D27) -> 15099.41
A28: 908 | B28: Power Misers | E28: =SUM(C28:D28) -> 0
A29: 908 | B29: BED/DSM Programs | E29: =SUM(C29:D29) -> 0
A30: 908 | B30: EEU/DSM Non-Billable | C30: 317739.7 | E30: =SUM(C30:D30) -> 317739.7
A31: 908 | B31: EEU/DSM-Billable | C31: 2544402.6 | E31: =SUM(C31:D31) -> 2544402.6
B32: Total Customer Assistance | C32: =SUM(C19:C31) -> 3939661.6 | D32: =SUM(D19:D31) -> 254255.72 | E32: =SUM(E19:E31) -> 4193917.3
A34: 909 | B34: Informational Advertising | C34: 287222.34 | D34: 3416.13 | E34: =SUM(C34:D34) -> 290638.47 | G34: 5
B35: Total Customer Service, Accounting & Informational Expense | C35: =SUM(C34,C32,C16) -> 6724854.7 | D35: =SUM(D34,D32,D16) -> 53085.741 | E35: =SUM(C35:D35) -> 6777940.5
A37: Notes:
A38: 1 | B38: Known cost increases (based on actual invoices received in FY25): $1,929.30 for Central Square maintenance; $1,602 for Mythics Oracle License for OpenWay; $24,207.51 for Itron Certicom maintenance; $19,749.73 for Itron OpenWay and Multispeak; $178.65 for Itron FCS maintenance; $93.11 for Itron Mobile Radio maintenance. Net effect of 50% of Meter to Cash Analyst position retirement and replacement ($34,849); other 50% allocated to FERC 903.
A39: 2 | B39: Known cost increases (based on actual invoices received in FY25): $4,694.86 for Central Square maintenance; $2,951.32 for Compass Meter Data Mgmt System and Silverblaze customer portal; $118,250 for SpryPoint. Reduced ($312,527.59) for removal of convenience fee coverage with Paymentus. $13,819 for postage rate increase with Doxim. $44,685 is the net effect on labor expenses of retirements/separations and replacement hires for Customer Care Rep and 50% of Meter to Cash Analyst position.
A40: 3 | B40: Sr. Innovation Spec & Cust Care Rep position filled for 8% of Test Year was not backfilled.
A41: 4 | B41: Cost of Tier 3 RES compliance, $1,003,114, based on Rate Year compliance obligation percentage, Test Year load, and unit cost of Tier 3 credit inventory as of April 2025.
A42: 5 | B42: Based on 3-year average of actual non-labor expenses, FY22-FY24, with FY22 and FY23 CPI-adjusted.

Sheet Sch 7-Distribution
A1: Burlington Electric Department | G1: Schedule 7
A2: Summary of Adjustments to Cost of Service
A3: =+'COS Summary'!A2 -> For the Test Year Ended June 30, 2024
A6: Distribution Expense
C8: Test Year | D8: Known and | E8: Rate Year
A9: FERC | B9: Description | C9: =+'COS Summary'!D6 -> 7/1/23-6/30/24 | D9: Measurables | E9: =+'COS Summary'!F6 -> 8/1/25-7/31/26 | G9: Note
B11: Operations
A12: 580 | B12: Supervision and Engineering | C12: 733414.55 | D12: 139383 | E12: =SUM(C12:D12) -> 872797.55 | G12: 1
A13: 582 | B13: Station | C13: 62771.59 | D13: =-28599+76072.47 -> 47473.47 | E13: =SUM(C13:D13) -> 110245.06 | G13: 2
A14: 583 | B14: Overhead Lines | C14: 129 | E14: =SUM(C14:D14) -> 129
A15: 584 | B15: Underground Lines | C15: 65.22 | E15: =SUM(C15:D15) -> 65.22
A16: 585 | B16: Street Lighting | C16: 40125.54 | E16: =SUM(C16:D16) -> 40125.54
A17: 586 | B17: Meters | C17: 204958.17 | D17: 103010 | E17: =SUM(C17:D17) -> 307968.17 | G17: 3
A18: 587 | B18: Customer Installations | C18: 61502.61 | E18: =SUM(C18:D18) -> 61502.61
A19: 588 | B19: Miscellaneous | C19: 258085.57 | D19: 27000 | E19: =SUM(C19:D19) -> 285085.57 | G19: 4
A20: 589 | B20: Rents | C20: 90712 | E20: =SUM(C20:D20) -> 90712
B21: Total Operations | C21: =SUM(C12:C20) -> 1451764.3 | D21: =SUM(D12:D20) -> 316866.47 | E21: =SUM(C21:D21) -> 1768630.7
B23: Maintenance
A24: 590 | B24: Supervision and Engineering | C24: 0 | D24: 0 | E24: =SUM(C24:D24) -> 0
A25: 591 | B25: Structures and Improvements | C25: 57325.55 | E25: =SUM(C25:D25) -> 57325.55
A26: 592 | B26: Station Equipment | C26: 194134.52 | D26: -149206 | E26: =SUM(C26:D26) -> 44928.52 | G26: 5
A27: 593 | B27: Overhead Lines | C27: 1397338 | D27: 52104 | E27: =SUM(C27:D27) -> 1449442 | G27: 6
A28: 594 | B28: Underground Lines | C28: 325922.13 | D28: -24140 | E28: =SUM(C28:D28) -> 301782.13 | G28: 7
A29: 595 | B29: Transformers | C29: 6474.08 | E29: =SUM(C29:D29) -> 6474.08
A30: 596 | B30: Street Lighting | C30: 93102.94 | E30: =SUM(C30:D30) -> 93102.94
A31: 597 | B31: Meters | C31: 27555.47 | E31: =SUM(C31:D31) -> 27555.47
A32: 598 | B32: Miscellaneous Plant | C32: 36605.18 | E32: =SUM(C32:D32) -> 36605.18
B33: Total Maintenance | C33: =SUM(C24:C32) -> 2138457.8 | D33: =SUM(D24:D32) -> -121242 | E33: =SUM(C33:D33) -> 2017215.8
B35: Total Distribution | C35: =SUM(C33,C21) -> 3590222.1 | D35: =SUM(D33,D21) -> 195624.47 | E35: =SUM(C35:D35) -> 3785846.6
A37: Notes:
A38: 1 | B38: Engineer positions vacant for portion of Test Year are now filled.
A39: 2 | B39: Known service cost changes (based on actual invoices received in FY25): ($28,599) for difference between annual support/maintenance costs of old SCADA system and new replacement SCADA system; $76,072.47 for MS SCADA SQL Server and MS Windows Server Datacenter for SCADA.
A40: 3 | B40: Line Extension Right of Way Coordinator position that was vacant during the Test Year is now filled. Troubleshooter position was vacated and replaced by a Meter Technician at lower wages.
A41: 4 | B41: Known service cost changes (based on actual invoices received in FY25): $27,000 for SpryMobile.
A42: 5 | B42: Working Crew Leader-Engineering Technician retired and position remains vacant.
A43: 6 | B43: Net effect on labor expense of resignations and replacement hires of Apprentice Lineworkers.
A44: 7 | B44: Replacement employee for Underground Cable Locator position at lower starting wages.

Sheet Sch 8-Sys Load Cnrl & Disp
A1: Burlington Electric Department | G1: Schedule 8
A2: Summary of Adjustments to Cost of Service
A3: =+'COS Summary'!A2 -> For the Test Year Ended June 30, 2024
A7: System Load Control and Dispatch
C9: Test Year | D9: Known and | E9: Rate Year
A10: FERC | B10: Description | C10: =+'COS Summary'!D6 -> 7/1/23-6/30/24 | D10: Measurables | E10: =+'COS Summary'!F6 -> 8/1/25-7/31/26 | G10: Note
A12: 556 | B12: System Control and Load Dispatch | C12: 1531847.1 | D12: -132966 | E12: =SUM(C12:D12) -> 1398881.1 | G12: 1
A13: 557 | B13: Other | C13: 14430.35 | E13: =SUM(C13:D13) -> 14430.35
B14: Total Other Power Supply Expense | C14: =SUM(C12:C13) -> 1546277.4 | D14: =SUM(D12:D13) -> -132966 | E14: =SUM(C14:D14) -> 1413311.4
A16: Notes:
A17: 1 | B17: Net effect on labor expense associated with filling previously vacant position and eliminating temporary position. Power Systems Coordinator filled for entirety of Test Year is currently vacant.

Sheet Sch 9-Dep & Amt
A1: Burlington Electric Department | G1: Schedule 9
A2: Summary of Adjustments to Cost of Service
A3: =+'COS Summary'!A2 -> For the Test Year Ended June 30, 2024
A6: Depreciation & Amortization
C8: Test Year | D8: Known and | E8: Rate Year
A9: FERC | B9: Description | C9: =+'COS Summary'!D6 -> 7/1/23-6/30/24 | D9: Measurables | E9: =+'COS Summary'!F6 -> 8/1/25-7/31/26 | G9: Note
A10: 403 | B10: Depreciation Expense
B12: PRODUCTION PLANT
A13: 403 | B13: STEAM-MCNEIL
B14: 11-Structure & Improvements | C14: 233935.76 | D14: 597.73 | E14: =SUM(C14:D14) -> 234533.49
B15: 12-Boiler Plant Equipment | C15: 518029.58 | D15: 14245.135 | E15: =SUM(C15:D15) -> 532274.71
B16: 14-Turbogenerator Units | C16: 58551.98 | D16: 6282.7 | E16: =SUM(C16:D16) -> 64834.68
B17: 15-Accessory Electric Equipment | C17: 6863.04 | D17: 1752.045 | E17: =SUM(C17:D17) -> 8615.085
B18: 16-Misc Steam Plant Equipment | C18: 39458.16 | D18: 753.975 | E18: =SUM(C18:D18) -> 40212.135
B19: Total Exp-McNeil Plant | C19: =SUM(C14:C18) -> 856838.52 | D19: =SUM(D14:D18) -> 23631.585 | E19: =SUM(C19:D19) -> 880470.11
A21: 403 | B21: HYDRO
B22: 31-Structures & Improvements | C22: 104161.56 | D22: 2808.96 | E22: =SUM(C22:D22) -> 106970.52
B23: 32-Reservoirs/Dams/Waterways | C23: 67185.6 | D23: 2124.42 | E23: =SUM(C23:D23) -> 69310.02
B24: 33-Water Wheels/Turb/Gen | C24: 68498.19 | D24: -13252.77 | E24: =SUM(C24:D24) -> 55245.42
B25: 34-Access Electric Equipment | C25: 7921.99 | D25: -6643.225 | E25: =SUM(C25:D25) -> 1278.765
B26: 35-Misc Plant Equipment | C26: 6756.24 | D26: 8752.38 | E26: =SUM(C26:D26) -> 15508.62
B27: 36-Roads/RR/Bridges | C27: 1800.96 | E27: =SUM(C27:D27) -> 1800.96
B28: Total Exp-Hydro Production Plant | C28: =SUM(C21:C27) -> 256324.54 | D28: =SUM(D21:D27) -> -6210.235 | E28: =SUM(C28:D28) -> 250114.3
A30: 403 | B30: OTHER-GAS TURBINE
B31: 41-Structures & Improvements | C31: 12918.12 | D31: 829.605 | E31: =SUM(C31:D31) -> 13747.725
B32: 43-Prime Movers | C32: 194879.59 | D32: 12008.705 | E32: =SUM(C32:D32) -> 206888.29
B33: 44-Generators | C33: 3705.8 | D33: -193.34 | E33: =SUM(C33:D33) -> 3512.46
B34: 45-Accessory Electric Equipment | C34: 54956.76 | E34: =SUM(C34:D34) -> 54956.76
B35: Total Exp-Other Production Plant-GT | C35: =SUM(C30:C34) -> 266460.27 | D35: =SUM(D30:D34) -> 12644.97 | E35: =SUM(C35:D35) -> 279105.24
A37: 403 | B37: OTHER-WIND TURBINE
B38: 41-Structures & Improvements | C38: 1876.32 | E38: =SUM(C38:D38) -> 1876.32
B39: 43-Prime Movers | E39: =SUM(C39:D39) -> 0
B40: Total Exp-Wind Turbine | C40: =SUM(C38:C39) -> 1876.32 | D40: =SUM(D38:D39) -> 0 | E40: =SUM(C40:D40) -> 1876.32
E41: =SUM(C41:D41) -> 0
A42: 403 | B42: OTHER-SOLAR | E42: =SUM(C42:D42) -> 0
B43: 41-Structures & Improvements | C43: 91877.28 | E43: =SUM(C43:D43) -> 91877.28
B44: Total Exp-Solar | C44: =SUM(C42:C43) -> 91877.28 | D44: =SUM(D42:D43) -> 0 | E44: =SUM(C44:D44) -> 91877.28
B46: Total Expense - Production Plant | C46: =+C19+C28+C35+C40+C44 -> 1473376.9 | D46: =+D19+D28+D35+D40+D44 -> 30066.32 | E46: =SUM(C46:D46) -> 1503443.2
B48: TRANSMISSION PLANT
A49: 403 | B49: 51-Total Energy Storage/Equipment | C49: 4740.72 | E49: =SUM(C49:D49) -> 4740.72
E50: =SUM(C50:D50) -> 0
A51: 403 | B51: 53-Total Station Equipment-Operating | C51: 23664 | E51: =SUM(C51:D51) -> 23664
E52: =SUM(C52:D52) -> 0
A53: 403 | B53: 56-Total Overhead Conductors & Dev-Operations | C53: 44317.68 | E53: =SUM(C53:D53) -> 44317.68
E54: =SUM(C54:D54) -> 0
A55: 403 | B55: 59-Total Roads & Trails-Operating | C55: 31.92 | E55: =SUM(C55:D55) -> 31.92
E56: =SUM(C56:D56) -> 0
B57: Total Expense - Transmission Plant | C57: =+C49+C51+C53+C55 -> 72754.32 | D57: =+D49+D51+D53+D55 -> 0 | E57: =SUM(C57:D57) -> 72754.32
B59: DISTRIBUTION PLANT | E59: =SUM(C59:D59) -> 0
A60: 403 | B60: 61-Structures & Improvements | C60: 29154 | D60: 1562.79 | E60: =SUM(C60:D60) -> 30716.79
B61: 62-Station Equipment | C61: 219146.4 | D61: 114.975 | E61: =SUM(C61:D61) -> 219261.38
B62: 64-Poles and Fixtures | C62: 187370.95 | D62: 9190.34 | E62: =SUM(C62:D62) -> 196561.29
B63: 65-Ovhd Conductors & Devices | C63: 367940.46 | D63: 1428.27 | E63: =SUM(C63:D63) -> 369368.73
B64: 66-Underground Conduits | C64: 376624.5 | D64: 12995.64 | E64: =SUM(C64:D64) -> 389620.14
B65: 67-Underground Conductors & Devices | C65: 557710.07 | D65: 24609.415 | E65: =SUM(C65:D65) -> 582319.48
B66: 68-Line Transformers | C66: 177951.37 | D66: 507.965 | E66: =SUM(C66:D66) -> 178459.33
B67: 69-Services | C67: 22303.59 | D67: 2760.435 | E67: =SUM(C67:D67) -> 25064.025
B68: 70-Metering Equipment | C68: 86371.45 | D68: 25526.915 | E68: =SUM(C68:D68) -> 111898.37
B69: 72-Leased Property on Cust Premisis | C69: 7769.32 | D69: 275.39 | E69: =SUM(C69:D69) -> 8044.71
B70: 73-Street Lighting | C70: 265857.93 | D70: 3507.24 | E70: =SUM(C70:D70) -> 269365.17
B71: Total Expense - Distribution Plant | C71: =SUM(C60:C70) -> 2298200 | D71: =SUM(D60:D70) -> 82479.375 | E71: =SUM(C71:D71) -> 2380679.4
E72: =SUM(C72:D72) -> 0
B73: GENERAL PLANT | E73: =SUM(C73:D73) -> 0
A74: 403 | B74: 90-Structures & Improvm-Operating | C74: 73781.68 | D74: 534.08 | E74: =SUM(C74:D74) -> 74315.76
B75: 91-Office Furniture & Equip-Operating | C75: 118813.19 | D75: 7976.89 | E75: =SUM(C75:D75) -> 126790.08
B76: 91-Office Furniture & Equip-McNeil | C76: 1237.2 | D76: 38.85 | E76: =SUM(C76:D76) -> 1276.05
B77: 92-Transportation Equip-Operating | C77: 228684.77 | D77: -6751.49 | E77: =SUM(C77:D77) -> 221933.28
B78: 92-Transportation Equip-McNeil | C78: 8378.59 | D78: -5661.085 | E78: =SUM(C78:D78) -> 2717.505
B79: 93-Stores Equip-Operating | C79: 2847.69 | D79: -204.855 | E79: =SUM(C79:D79) -> 2642.835
B80: 94-Tools/Shop/Garage Equip-Operating | C80: 32382.48 | D80: 359.55 | E80: =SUM(C80:D80) -> 32742.03
B81: 95-Laboratory/Test Equip-Operating | C81: 4157.67 | D81: -702.51 | E81: =SUM(C81:D81) -> 3455.16
B82: 97-Communication Equipment-Operating | C82: 79656.34 | D82: 1519.1 | E82: =SUM(C82:D82) -> 81175.44
B83: 98-Misc General Equip-Operating | C83: 7959.79 | D83: 75.425 | E83: =SUM(C83:D83) -> 8035.215
B84: 98-Misc General Equip-McNeil | C84: 313.16 | D84: 43.09 | E84: =SUM(C84:D84) -> 356.25
B85: Depreciation Expense Allocated | C85: -121909.81 | D85: 41163.805 | E85: =SUM(C85:D85) -> -80746.005
B86: Total Expense - General Plant | C86: =SUM(C74:C85) -> 436302.75 | D86: =SUM(D74:D85) -> 38390.85 | E86: =SUM(C86:D86) -> 474693.6
E87: =SUM(C87:D87) -> 0
B88: ADJUSTMENT TO STRAIGHT LINE DEPRECIATION | E88: =SUM(C88:D88) -> 0
B89: Straight Line Adj - BED-only (Operating Fund) | C89: -1104992.5 | E89: =SUM(C89:D89) -> -1104992.5
B90: Straight Line Adj - McNeil | C90: -416650.56 | E90: =SUM(C90:D90) -> -416650.56
B91: Total Straight Line Adjustment | C91: =SUM(C89:C90) -> -1521643.1 | D91: =SUM(D89:D90) -> 0 | E91: =SUM(C91:D91) -> -1521643.1
E92: =SUM(C92:D92) -> 0
B93: ADJUSTMENT FOR SINKING FUND DEPRECIATION | E93: =SUM(C93:D93) -> 0
B94: Sinking Fund Adj - BED-only (Operating Fund) | C94: 2381677.8 | D94: -552649.18 | E94: =SUM(C94:D94) -> 1829028.6
B95: Sinking Fund Adj - McNeil | C95: 417018.72 | D95: 27977.455 | E95: =SUM(C95:D95) -> 444996.17
B96: Total Sinking Fund Depreciation Adjustment | C96: =SUM(C93:C95) -> 2798696.5 | D96: =SUM(D93:D95) -> -524671.73 | E96: =SUM(C96:D96) -> 2274024.7
E97: =SUM(C97:D97) -> 0
B98: TOTAL DEPRECIATION EXPENSE | C98: =+C96+C91+C86+C71+C57+C46 -> 5557687.4 | D98: =+D96+D91+D86+D71+D57+D46 -> -373735.18 | E98: =SUM(C98:D98) -> 5183952.2
A100: Notes: | B100: Per schedule
A103: 405 | B103: Amortization Expense
B104: Amortiz of Software-Operating | C104: 280926.91 | D104: -22206.07 | E104: =SUM(C104:D104) -> 258720.84
B105: Intangible Plant-Harris | E105: =SUM(C105:D105) -> 0
B106: Amortiz of Software-McNeil | C106: 494.52 | E106: =SUM(C106:D106) -> 494.52
B107: Total Amortization-Software | C107: =SUM(C103:C106) -> 281421.43 | D107: =SUM(D102:D106) -> -22206.07 | E107: =SUM(C107:D107) -> 259215.36
A109: Notes: | B109: Per schedule
A112: 407 | B112: Amortization of Deferred Costs
A113: 407.3 | B113: Regulatory Debits | D113: 164344 | E113: =C113+D113 -> 164344 | G113: 1
A114: 407.11 | B114: Winooski One Hydro | C114: 509409.64 | D114: 12500 | E114: =SUM(C114:D114) -> 521909.64 | G114: 2
A115: 407.31 | B115: Other Reg Asset | C115: 49038.6 | E115: =SUM(C115:D115) -> 49038.6 | G115: 2
B116: Total Deferred Project Amortization | C116: =SUM(C111:C115) -> 558448.24 | D116: =SUM(D111:D115) -> 176844 | E116: =SUM(E111:E115) -> 735292.24
...

Sheet Sch 10-Taxes
A1: Burlington Electric Department | H1: Schedule 10
A2: Summary of Adjustments to Cost of Service
A3: =+'COS Summary'!A2 -> For the Test Year Ended June 30, 2024
A6: Tax Expense
C8: Test Year | D8: Known and | E8: Rate Year
A9: FERC | B9: Description | C9: =+'COS Summary'!D6 -> 7/1/23-6/30/24 | D9: Measurables | E9: =+'COS Summary'!F6 -> 8/1/25-7/31/26 | G9: Note
B11: Payment in Lieu of Tax - Operating | C11: 1456459.8 | D11: 243541 | E11: =SUM(C11:D11) -> 1700000.8 | G11: 1
B12: Payment in Lieu of Tax - McNeil | C12: 825401.44 | D12: 130844 | E12: =SUM(C12:D12) -> 956245.44 | G12: 1
B13: Sub-Total Payment in Lieu of Tax | C13: =SUM(C11:C12) -> 2281861.3 | D13: =SUM(D11:D12) -> 374385 | E13: =SUM(C13:D13) -> 2656246.3
B15: Allocation of PILOT | C15: -15920.16 | E15: =SUM(C15:D15) -> -15920.16
B17: Total Payment in Lieu of Tax | C17: =C15+C13 -> 2265941.1 | D17: =D15+D13 -> 374385 | E17: =SUM(C17:D17) -> 2640326.1
B19: Gross Revenue Tax - State of Vermont | C19: 336212.42 | D19: ='Sch 15-Revenue'!$D$17*0.00525+('Sch 15-Revenue'!E17*1.045-'Sch 15-Revenue'!E17)*0.00525+('Sch13-Other Inc (Exp)'!D20+'Sch13-Other Inc (Exp)'!D35)*0.00525 -> 38872.934 | E19: =SUM(C19:D19) -> 375085.35 | G19: 2
B20: Gross Receipts Tax - State of Vermont | C20: 272004.29 | D20: ='Sch 15-Revenue'!$D$17*0.005+('Sch 15-Revenue'!E17*1.045-'Sch 15-Revenue'!E17)*0.005 -> 30403.054 | E20: =SUM(C20:D20) -> 302407.34 | G20: 3
B21: Total Revenue Taxes | C21: =SUM(C19:C20) -> 608216.71 | D21: =SUM(D19:D20) -> 69275.988 | E21: =SUM(C21:D21) -> 677492.7
B23: Social Security Taxes - Operating | C23: 628752.47 | E23: =SUM(C23:D23) -> 628752.47
B24: Social Security Taxes - McNeil | C24: 157499.38 | E24: =SUM(C24:D24) -> 157499.38
B25: Allocation of Social Security Taxes | C25: -772060.56 | E25: =SUM(C25:D25) -> -772060.56
B26: Total Social Security Taxes | C26: =SUM(C23:C25) -> 14191.29 | D26: =SUM(D23:D25) -> 0 | E26: =SUM(C26:D26) -> 14191.29
B28: Property Taxes - Hydro Plant | C28: 507191 | D28: -179199 | E28: =SUM(C28:D28) -> 327992 | G28: 4
A29: 408 | B29: Total Taxes | C29: =SUM(C28,C26,C21,C17) -> 3395540.1 | D29: =SUM(D28,D26,D21,D17) -> 264461.99 | E29: =SUM(C29:D29) -> 3660002.1
A31: Notes:
A32: 1 | B32: Based on City of Burlington assessed property value as of 4/1/24 and City's actual 24-25 tax rate plus 6% assumed increase, as incorporated into BED's FY 2026 Budget.
A33: 2 | B33: Calculated based on additional revenue from 5.5% rate increase effective on bills rendered 9/1/2024 (approved in Case No. 24-1848-TF), $18,341; additional revenue based on 4.5% proposed rate case, $13,587; additional Rent from Electric Property and Miscellaneous Electric Revenues, $6,949. | I33: =13587-(13587/4.5*4.33) -> 513.28667
A34: 3 | B34: Calculated based on additional revenue from 5.5% rate increase effective on bills rendered 9/1/2024 (approved in Case No. 24-1848-TF), $17,467; additional revenue based on 4.5% proposed rate case, $12,940. | I34: =12940-(12940/4.5*4.33) -> 488.84444
A35: 4 | B35: Based on budgeted FY26 property tax rate for Winooski One Hydro Plant. | I35: =SUM(I33:I34) -> 1002.1311

Sheet Sch 11-Interest Income
A1: Burlington Electric Department | G1: Schedule 11
A2: Summary of Adjustments to Cost of Service
A3: =+'COS Summary'!A2 -> For the Test Year Ended June 30, 2024
A6: Interest Income
C8: Test Year | D8: Known and | E8: Rate Year
A9: FERC | B9: Description | C9: =+'COS Summary'!D6 -> 7/1/23-6/30/24 | D9: Measurables | E9: =+'COS Summary'!F6 -> 8/1/25-7/31/26 | G9: Note
B11: Checking Accounts | C11: 267848.39 | D11: -46354.51 | E11: =SUM(C11:D11) -> 221493.88 | G11: 1
B12: Renewal and Replacement Fund-Zion | C12: 55118.01 | D12: =53672-C12 -> -1446.01 | E12: =SUM(C12:D12) -> 53672 | G12: 2
B13: Debt Service Reserve-Zion | C13: 61382.25 | D13: =72000-C13 -> 10617.75 | E13: =SUM(C13:D13) -> 72000 | G13: 2
B14: KeyBanc Capital Market | C14: 39627.65 | D14: =36767.79/3*4-C14 -> 9396.07 | E14: =SUM(C14:D14) -> 49023.72 | G14: 2
B15: DSFH (Principal/Int/2022A Construction Fund) -Zion | C15: 368479.58 | D15: =21540+42090-C15 -> -304849.58 | E15: =SUM(C15:D15) -> 63630 | G15: 3
B16: Miscellaneous | C16: 19329.07 | E16: =SUM(C16:D16) -> 19329.07
A18: 419 | B18: Total Interest Income | C18: =SUM(C11:C17) -> 811784.95 | D18: =SUM(D11:D17) -> -332636.28 | E18: =SUM(C18:D18) -> 479148.67
A20: Notes:
A22: 1 | B22: Based on average of interest rates and cash balances for the past 3 months (Mar-May 2025).
A23: 2 | B23: Based on average balance of past securities purchased and average yields.
A24: 3 | B24: Based on average balance of past securities purchased and average yields. Balance in 2022A revenue bond construction fund expected to decrease to $0 by end of Rate Year.

Sheet Sch 12-Dividend Income
A1: Burlington Electric Department | G1: Schedule 12
A2: Summary of Adjustments to Cost of Service
A3: =+'COS Summary'!A2 -> For the Test Year Ended June 30, 2024
A6: Dividend Income
C8: Test Year | D8: Known and | E8: Rate Year
A9: FERC | B9: Description | C9: =+'COS Summary'!D6 -> 7/1/23-6/30/24 | D9: Measurables | E9: =+'COS Summary'!F6 -> 8/1/25-7/31/26 | G9: Note
B11: Vermont Electric Power Company | C11: 166089.3 | D11: =166232-C11 -> 142.7 | E11: =SUM(C11:D11) -> 166232 | G11: 1
B12: Vermont Electric Transmission Company | C12: 1205.54 | D12: =896-C12 -> -309.54 | E12: =SUM(C12:D12) -> 896 | G12: 1
B13: Vermont Transco LLC | C13: =1712667.4+2520932.56 -> 4233600 | D13: =4333541-C13 -> 99941.04 | E13: =SUM(C13:D13) -> 4333541 | G13: 2
B14: Other | C14: 132097.45 | D14: -132097 | E14: =SUM(C14:D14) -> 0.45 | G14: 3
A16: 419 | B16: Total Dividend Income | C16: =SUM(C11:C15) -> 4532992.2 | D16: =SUM(D11:D15) -> -32322.8 | E16: =SUM(C16:D16) -> 4500669.5
A18: Note:
A19: 1 | B19: Updated per VELCO March 2025 forecast.
A20: =A19+1 -> 2 | B20: Rate year includes $222,000 of additional shares planned to be purchased after 6/30/2025: 9,768 class A shares ($97,680) with an average annual dividend of $0.115, and 12,432 of class B shares ($124,320) with an average annual dividend of $0.133.
A21: =A20+1 -> 3 | B21: Non-utility operations dividends; actual amounts received unknown in a fiscal year.

Sheet Sch13-Other Inc (Exp)
A1: Burlington Electric Department | G1: Schedule 13
A2: Summary of Adjustments to Cost of Service
A3: =+'COS Summary'!A2 -> For the Test Year Ended June 30, 2024
A6: Other Income/(Expense)
C8: Test Year | D8: Known and | E8: Rate Year
A9: FERC | B9: Description | C9: =+'COS Summary'!D6 -> 7/1/23-6/30/24 | D9: Measurables | E9: =+'COS Summary'!F6 -> 8/1/25-7/31/26 | G9: Note
B11: Other Income and Deductions
A12: 415-416 | B12: Profit/(Loss) from Merchandising and Jobbing | C12: -11672.28 | D12: 11672 | E12: =SUM(C12:D12) -> -0.28 | G12: 1
A13: 421 | B13: Miscellaneous Non-Operating Income | C13: =+'Sch 13A-Misc Non-Op Inc detail'!C22 -> 1814146.7 | D13: ='Sch 13A-Misc Non-Op Inc detail'!D22 -> -660545.68 | E13: =SUM(C13:D13) -> 1153601 | G13: 2
A14: 426 | B14: Other Deductions | C14: -21876.62 | E14: =SUM(C14:D14) -> -21876.62
B15: Subtotal Other Income and Deductions | C15: =SUM(C12:C14) -> 1780597.8 | D15: =SUM(D12:D14) -> -648873.68 | E15: =SUM(C15:D15) -> 1131724.1
B17: Rent from Electric Property
A18: 454 | B18: Pole Attachments | C18: 69700.66 | E18: =SUM(C18:D18) -> 69700.66
A19: 454 | B19: Conduit Use Fees | C19: 26282.74 | D19: 51476 | E19: =SUM(C19:D19) -> 77758.74 | G19: 3
B20: Subtotal Rent from Electric Property | C20: =SUM(C18:C19) -> 95983.4 | D20: =SUM(D18:D19) -> 51476 | E20: =SUM(C20:D20) -> 147459.4
B22: Miscellaneous Electric Revenues
A23: 450 | B23: Late Payment Fees | C23: 54550.27 | E23: =SUM(C23:D23) -> 54550.27
A24: 451 | B24: Miscellaneous Service Fees | C24: =173084.61+4475+1860+670+3400 -> 183489.61 | E24: =SUM(C24:D24) -> 183489.61
A25: 456 | B25: Winooski One - Water Sales | C25: 706.47 | E25: =SUM(C25:D25) -> 706.47
A26: 456 | B26: Winooski One - Fish Passage Plan | C26: 32707.51 | D26: -15679.34 | E26: =SUM(C26:D26) -> 17028.17 | G26: 4
A27: 456 | B27: EEU Program Cost Reimbursement | C27: 2926075 | E27: =SUM(C27:D27) -> 2926075
A28: 456 | B28: Miscellaneous Other | C28: 20016 | E28: =SUM(C28:D28) -> 20016
A29: 456 | B29: Transmission Revenue | E29: =SUM(C29:D29) -> 0
A30: 456 | B30: REC Sales-McNeil | C30: 3157978.2 | D30: 614257.4 | E30: =SUM(C30:D30) -> 3772235.6 | G30: 5
A31: 456 | B31: REC Sales-Wind | C31: 2437682.5 | D31: 890457.27 | E31: =SUM(C31:D31) -> 3328139.8 | G31: 5
A32: 456 | B32: REC Sales-Hydro | C32: 1007220 | D32: -201235.05 | E32: =SUM(C32:D32) -> 805984.95 | G32: 5
A33: 456 | B33: REC Sales-Solar | C33: 175382.5 | D33: -15518.737 | E33: =SUM(C33:D33) -> 159863.76 | G33: 5
E34: =SUM(C34:D34) -> 0
B35: Subtotal Miscellaneous Electric Revenues | C35: =SUM(C23:C34) -> 9995808.1 | D35: =SUM(D23:D34) -> 1272281.5 | E35: =SUM(C35:D35) -> 11268090
B38: Total Other Income/(Expense) | C38: =SUM(C35,C20,C15) -> 11872389 | D38: =SUM(D35,D20,D15) -> 674883.85 | E38: =SUM(C38:D38) -> 12547273
A40: Notes:
A41: 1 | B41: Profit/(Loss) from jobbing/orders. Lead/lag due to timing of expense vs billings.
A42: 2 | B42: See subschedule 13A; primarily related to non-recurring grant income, customer contributions to capital projects (used 5-year average), and unrealized gain/loss on investments (used 3-year average).
A43: 3 | B43: Conduit rental fee, applied to 37,903 feet of rented conduit, increased from $0.6898 to $2.0479, excluding gross revenue tax and franchise fee, effective 7/1/2024.
A44: 4 | B44: Test Year includes an additional entry from FY23 due to timing.
A45: 5 | B45: Actual sales for the Rate Year are reflected at their contract price. Any remaining RECs (based on Rate Year resource production less Rate Year contracted sales) are assumed to be sold at market prices based on average bids and offers of REC forwards as of 6/4/25.

Sheet Sch 13A-Misc Non-Op Inc detail
A1: Burlington Electric Department | G1: Schedule 13A
A2: Summary of Adjustments to Cost of Service
A3: =+'COS Summary'!A2 -> For the Test Year Ended June 30, 2024
A6: Miscellaneous Non-Operating Income
C8: Test Year | D8: Known and | E8: Rate Year
A9: FERC | B9: Description | C9: =+'COS Summary'!D6 -> 7/1/23-6/30/24 | D9: Measurables | E9: =+'COS Summary'!F6 -> 8/1/25-7/31/26 | G9: Note
B11: Capital Contributions - CAFC | C11: 633230.25 | D11: -213617.78 | E11: =SUM(C11:D11) -> 419612.47 | G11: 1
B12: Street Light LED Rebate | E12: =SUM(C12:D12) -> 0
B13: General Operating | C13: 74846.63 | E13: =SUM(C13:D13) -> 74846.63
B14: VELCO Directorship | C14: 19000 | D14: =7500*4-C14 -> 11000 | E14: =SUM(C14:D14) -> 30000 | G14: 2
B15: Gain on Sale of Assets | E15: =SUM(C15:D15) -> 0
B16: Unrealized Gain(Loss) on Investment | E16: =SUM(C16:D16) -> 0
B17: Contributions Misc. | E17: =SUM(C17:D17) -> 0
B18: General McNeil | C18: 33611.54 | E18: =SUM(C18:D18) -> 33611.54
B19: Grant Proceeds | C19: 650060.73 | D19: =63782+441699-C19 -> -144579.73 | E19: =SUM(C19:D19) -> 505481 | G19: 3
B20: Miscellaneous | C20: 25.34 | E20: =SUM(C20:D20) -> 25.34
B21: Unrealized Gain(Loss) on Investment | C21: 403372.17 | D21: =90024-C21 -> -313348.17 | E21: =SUM(C21:D21) -> 90024 | G21: 4
A22: 421 | B22: Subtotal Miscellaneous Non-Operating Income | C22: =SUM(C10:C21) -> 1814146.7 | D22: =SUM(D10:D21) -> -660545.68 | E22: =SUM(C22:D22) -> 1153601
A25: Notes:
A26: 1 | B26: Based on 5-year FY20-24 average.
A27: 2 | B27: VELCO directorship fee increased 1/1/2025 from $4,500/quarter to $7,500/quarter.
A28: 3 | B28: Grant income of $63,782 related to ARPA reimbursements for Energy Assistance Program revenue discounts; grant income of $441,699 related to FEMA assistance for July 2023 flooding damage at Winooski One.
A29: 4 | B29: Based on 3-year FY22-24 average.

Sheet Sch 14-Interest Expense
A1: Burlington Electric Department | G1: Schedule 14
A2: Summary of Adjustments to Cost of Service
A3: =+'COS Summary'!A2 -> For the Test Year Ended June 30, 2024
A6: Interest Expense
C8: Test Year | D8: Known and | E8: Rate Year
B9: Description | C9: =+'COS Summary'!D6 -> 7/1/23-6/30/24 | D9: Measurables | E9: =+'COS Summary'!F6 -> 8/1/25-7/31/26 | G9: Note
A11: 427 | B11: G. O. Bonds - Interest
B12: Interest (Existing) | C12: 2000997.8 | D12: -248386.15 | E12: =SUM(C12:D12) -> 1752611.6
B13: Proposed $3M 2025 GO Bond | D13: 100000 | E13: =SUM(C13:D13) -> 100000
B14: Total Interest Expense - GO Bond | C14: =SUM(C12:C13) -> 2000997.8 | D14: =SUM(D12:D13) -> -148386.15 | E14: =SUM(E12:E13) -> 1852611.6
A16: 427 | B16: Revenue Bonds - Interest
B17: 2014A Series A Revenue Bonds | C17: 297156.26 | D17: -53978.91 | E17: =+C17+D17 -> 243177.35
B18: 2014B Series A Revenue Bonds | C18: 26600 | D18: -26600 | E18: =+C18+D18 -> 0 | G18: 1
B19: 2017A Series A Revenue Bonds | C19: 164000 | D19: -34104.17 | E19: =+C19+D19 -> 129895.83
B20: 2017B Series A Revenue Bonds | C20: 128272.5 | D20: -28068.83 | E20: =+C20+D20 -> 100203.67
B21: 2022 Series A Revenue Bonds | C21: 902250 | E21: =+C21+D21 -> 902250
B22: Total Interest - Revenue Bond | C22: =SUM(C17:C21) -> 1518278.8 | D22: =SUM(D17:D21) -> -142751.91 | E22: =SUM(E17:E21) -> 1375526.9
B24: Total Long Term Debt Interest | C24: =+C22+C14 -> 3519276.5 | D24: =+D22+D14 -> -291138.06 | E24: =+E22+E14 -> 3228138.5
A26: 428 | B26: Amortization of Debt Discount
B27: GOB 2016D | C27: 67581.92 | D27: 5214.58 | E27: =+D27+C27 -> 72796.5
B28: GOB 2019C | C28: 23641 | D28: 8294.7 | E28: =+C28+D28 -> 31935.7
B29: 2017A Series A Revenue Bonds | C29: 42719.04 | D29: 3926.08 | E29: =+C29+D29 -> 46645.12
B30: Total Amortization of Debt Discount | C30: =SUM(C27:C29) -> 133941.96 | D30: =SUM(D27:D29) -> 17435.36 | E30: =SUM(E27:E29) -> 151377.32
A32: 428 | B32: Amortization of Loss on Advance Refunding
B33: GOB 2016 | C33: 46499.744 | D33: -1543 | E33: =+D33+C33 -> 44956.744
B34: Total Amortization of Debt Discount | C34: =+C33 -> 46499.744 | D34: =+D33 -> -1543 | E34: =+E33 -> 44956.744
A36: 429 | B36: Amortization of Debt Premium
B37: GOB 2011B | C37: -392 | D37: -39 | E37: =+D37+C37 -> -431
B38: GOB 2016A | C38: -169062 | D38: 5606.87 | E38: =+D38+C38 -> -163455.13
B39: GOB 2016B | C39: -19943.96 | D39: -1661.54 | E39: =+D39+C39 -> -21605.5
B40: GOB 2016C | C40: -51455.96 | D40: -6200.92 | E40: =+D40+C40 -> -57656.88
B41: GOB 2017C | C41: -18144.8 | D41: -1643.46 | E41: =+D41+C41 -> -19788.26
B42: GOB 2018B | C42: -12022.56 | D42: -1138.06 | E42: =+D42+C42 -> -13160.62
B43: GOB 2019A | C43: -19295.16 | D43: -1990.98 | E43: =+D43+C43 -> -21286.14
B44: GOB 2021A | C44: -15350.4 | D44: -924 | E44: =+D44+C44 -> -16274.4
B45: GOB 2022A | C45: -12364.32 | D45: -1610 | E45: =+D45+C45 -> -13974.32
B46: GOB 2022 BAN refunding | D46: -9567.96 | E46: =+D46+C46 -> -9567.96
B47: GOB 2023A | D47: -10547.38 | E47: =+D47+C47 -> -10547.38
B48: GOB 2024A | D48: -11744.12 | E48: =+D48+C48 -> -11744.12
B49: Subtotal Amort of Debt Premium-GOB | C49: =SUM(C37:C47) -> -318031.16 | D49: =SUM(D37:D48) -> -41460.55 | E49: =SUM(E37:E48) -> -359491.71
B51: Revenue Bond 2014A | C51: -14758 | D51: -1409 | E51: =+D51+C51 -> -16167
B52: Revenue Bond 2014B | C52: -31712 | D52: 31712 | E52: =+D52+C52 -> 0 | G52: 1
B53: Subtotal Amort of Debt Premium-RB | C53: =SUM(C51:C52) -> -46470 | D53: =SUM(D51:D52) -> 30303 | E53: =SUM(E51:E52) -> -16167
B55: Total Amortization of Debt Discount | C55: =+C53+C49 -> -364501.16 | D55: =+D53+D49 -> -11157.55 | E55: =+E53+E49 -> -375658.71
A57: 431 | B57: Other Interest Expense
B58: Capital Leases (Key Govt Financing MDMS) | C58: 2592.77 | D58: -2593 | E58: =SUM(C58:D58) -> -0.23 | G58: 2
B59: Moran Frame | C59: 7200.83 | D59: -2452.34 | E59: =SUM(C59:D59) -> 4748.49
B60: Total Interest Expense - Other | C60: =SUM(C58:C59) -> 9793.6 | D60: =SUM(D58:D59) -> -5045.34 | E60: =SUM(E58:E59) -> 4748.26
B63: Total Interest Expense | C63: =+C60+C55+C34+C30+C24 -> 3345010.7 | D63: =+D60+D55+D34+D30+D24 -> -291448.59 | E63: =+E60+E55+E34+E30+E24 -> 3053562.1
A67: 1 | B67: Revenue bond 2014B matured July 1, 2024.
A68: 2 | B68: Capital Lease (Key Govt Financing MDMS) paid off July 15, 2025.

Sheet Sch 15-Revenue
A1: Burlington Electric Department | G1: Schedule 15
A2: Summary of Adjustments to Cost of Service
A3: =+'COS Summary'!A2 -> For the Test Year Ended June 30, 2024
A6: Revenue at Existing Rates
C8: Test Year | D8: Known and | E8: Rate Year
A9: FERC | B9: Description | C9: =+'COS Summary'!D6 -> 7/1/23-6/30/24 | D9: Measurables | E9: =+'COS Summary'!F6 -> 8/1/25-7/31/26 | G9: Note
A11: 440 | B11: Residential Sales | C11: 16265985 | D11: =1062111-76907 -> 985204 | E11: =C11+D11 -> 17251189 | G11: 1
A12: 442.1 | B12: Small General Sales | C12: 3266294.5 | D12: 199284 | E12: =C12+D12 -> 3465578.5
A13: 442.2 | B13: Large General Sales | C13: 24831828 | D13: 1650570 | E13: =C13+D13 -> 26482398
A14: 442.3 | B14: Primary Sales | C14: 8795834.7 | D14: 602272 | E14: =C14+D14 -> 9398106.7
A15: 444 | B15: Street Lighting Sales | C15: 724483.23 | D15: 46460 | E15: =C15+D15 -> 770943.23
A16: 449 | B16: Other Sales-Private Area Lighting | C16: 132281.28 | D16: 8898 | E16: =C16+D16 -> 141179.28
B17: Total Revenue from Electric Sales | C17: =SUM(C11:C16) -> 54016707 | D17: =SUM(D11:D16) -> 3492688 | E17: =SUM(E11:E16) -> 57509395 | G17: 2
A19: Notes:
A20: 1 | B20: Reduction in Residential Sales of $76,907 due to a significant increase in the number of customers receiving Energy Assistance after 6/30/24. Revenues increased by 5.5% per rate increase effective with bills rendered September 1, 2024; approved May 1, 2025 in Case No. 24-1848-TF.

Sheet Sch 16-Cash
A1: Burlington Electric Department | F1: Schedule 16
A2: Change in Cash Balance
A3: (Does not include non-Known & Measurable actions)
B5: Rate Year
B6: =+'COS Summary'!F6 -> 8/1/25-7/31/26 | C6: Notes
A7: Beginning Balance | B7: 0
A9: Sources of Funds
A10: Revenues at Existing Rates | B10: =+'COS Summary'!F40 -> 57509395
A11: Add'l Revenues at Requested Rates | B11: =('COS Summary'!F40*(1+0.045))-'COS Summary'!F40 -> 2587922.8
A12: General Obligation BAN/Bond | B12: 3000000 | C12: Per City Charter authority
A13: Revenue Bonds - FY26 transfers | B13: =3382248+8862372 -> 12244620 | C13: FY 2026 Budget amount
A14: Interest Income | B14: =+'COS Summary'!F28 -> 479148.67
A15: Dividend Income | B15: =+'COS Summary'!F29 -> 4500669.5
A16: Other Income, incl REC revenues, CAFC and grants | B16: =+'COS Summary'!F31+'COS Summary'!F30 -> 12547273
A17: Total Sources of Funds | B17: =SUM(B7:B16) -> 92869029
A19: Uses of Funds
A20: Total Operating Expenses | B20: =+'COS Summary'!F25 -> 72405431 | C20: Includes T1 expense of $1,046,147 and T3 expense of $1,148,527
A21: (less) Pension Adjustment | B21: -1990396 | C21: The amount included in the Test Year (June 2024) and not adjusted for in Rate Year
A22: (less) Purchased Power amortization (non cash) | B22: =-4162233/8 -> -520279.12 | C22: See note #10, Sch 2-Purchased Power - Expense (non-cash) for accounting treatment to amortize over 8 years the $4,162,233 of lost revenues.
A23: (less) Depreciation & Amortization | B23: =-'COS Summary'!F21 -> -6307769.7
A24: Net Operating Expenses | B24: =SUM(B20:B23) -> 63586986
A26: Debt Service
A27: Interest | B27: =+'COS Summary'!F36 -> 3053562.1
A28: Principal | B28: 5980000 | C28: FY 2026 Budget amount
A30: Capital Spending | B30: 15217599 | C30: FY 2026 Budget amount (less cafc)
A32: Advance Material Purchase - McNeil | B32: 822670
A33: T1 Cash Outlay less expense included above | B33: =1183710-1046147 -> 137563
A34: T3 Cash Outlay less expense included above | B34: =1572094-1148527 -> 423567
A36: Total Uses of Funds | B36: =SUM(B24:B35) -> 89221947
A38: Change in Cash Balance @ Requested Rates | B38: =+B17-B36 -> 3647081.9
A40: Change in Cash Balance at 2 TIER Revenue Requirement | B40: =B38-B11+'COS Summary'!F41 -> 4535227.5
A42: Change in Cash Balance without Proposed Rate Increase | B42: =+B17-B11-B36 -> 1059159.1

Sheet Sch 17-DSR
A1: Burlington Electric Department | G1: Schedule 17
A2: Debt Service Coverage Ratios
A3: (Does not include non-Known & Measurable actions)
D4: Rate Year
D5: =+'COS Summary'!F6 -> 8/1/25-7/31/26
B7: Revenues at Existing Rates | D7: =+'COS Summary'!F40 -> 57509395
B8: Additional Revenues at Requested Rates | D8: =('COS Summary'!F40*(1+0.045))-'COS Summary'!F40 -> 2587922.8
B9: Total Sales to Customers | D9: =SUM(D7:D8) -> 60097318
B11: Misc. Revenues - Power Supply | D11: =SUM('Sch13-Other Inc (Exp)'!E29:E33) -> 8066224.1 | E11: REC Revenue
B12: Misc. Revenues - Other | D12: =+'Sch13-Other Inc (Exp)'!E20+'Sch13-Other Inc (Exp)'!E35-D11 -> 3349324.9 | E12: From Other Income Tab - Rent From Elec Prop and Misc. Revenues less Power Supply Revenues
A14: Total Operating Revenues | D14: =SUM(D9:D13) -> 71512867
A16: Total Operating Expenses | D16: =+D56 -> 70089733 | E16: See inputs below
B18: Less: Depreciation & Amortization | D18: =-'Sch 9-Dep & Amt'!E98-'Sch 9-Dep & Amt'!E118 -> -6178459.8
B19: Less: Gain/Loss on Plant | D19: =-'Sch 9-Dep & Amt'!E120 -> -129309.86
B20: Less: Payment in Lieu of Taxes | D20: =-'Sch 10-Taxes'!E17 -> -2640326.1
A22: Total Operating Expenses - Adjusted | D22: =SUM(D16:D21) -> 61141637
A24: Net Operating Income - Adjusted | D24: =+D14-D22 -> 10371230
A26: Total Other Income | D26: =+'Sch 11-Interest Income'!E18+'Sch 12-Dividend Income'!E16+'Sch13-Other Inc (Exp)'!E15 -> 6111542.2 | E26: Includes Interest Income, Dividend Income, and Other Inc & Exp line 15
A27: (Less) Grant/Customer Income | D27: =-'Sch 13A-Misc Non-Op Inc detail'!E11 -> -419612.47
A29: Net Income Available for Debt Service | D29: =SUM(D24:D28) -> 16063160
A31: Debt Service on Revenue Bonds | D31: =+(D59+D60) -> 2820526.9 | E31: See inputs below
A33: Revenue Debt Service Coverage Ratio at Requested Rates | D33: =+D29/D31 -> 5.6950919 | E33: Revenue bond covenants require a minimum debt ratio of 1.25.
A34: Revenue Debt Service Coverage Ratio at Revenue Requirement | D34: =(D29-D8+'COS Summary'!F41)/D31 -> 6.0099783
A36: Net Income Available for Debt Service | D36: =+D29 -> 16063160
A37: Deduct: Payment in Lieu of Taxes | D37: =+D20 -> -2640326.1
A39: Adjusted Net Income Available for Other Debt Service | D39: =SUM(D36:D38) -> 13422833
A41: Debt Service
A42: Revenue Bonds | D42: =+D59+D60 -> 2820526.9
A43: General Obligation Bonds | D43: =+D61+D62 -> 6387611.6
A44: Moran Frame promissory note | D44: =SUM(D63:D64) -> 122967.49
A45: Total Debt Service | D45: =SUM(D42:D43) -> 9208138.5
A47: Adjusted Debt Service Coverage Ratio at Requested Rates | D47: =+D39/D45 -> 1.4577141
A48: Adjusted Debt Service Coverage Ratio at Revenue Requirement | D48: =(D39-D8+'COS Summary'!F42)/D45 -> 1.5082824
A51: Inputs:
B52: Total Operating Expenses
B53: Total Operating Expenses | D53: =+'COS Summary'!F25 -> 72405431
B54: Pension Adjustment | D54: =+'Sch 16-Cash'!B21 -> -1990396 | E54: Amount included in the Test Year (June 2024) and not adjusted for in Rate Year
B55: (less) Uncollectible Accounts | D55: =-'Sch 6-Customer Acct & Serv'!E15 -> -325301.68
B56: Total Ops Exp | D56: =SUM(D53:D55) -> 70089733
B58: Debt Service
B59: Revenue Bonds (Interest) | D59: =+'Sch 14-Interest Expense'!E22 -> 1375526.9
B60: Revenue Bonds (Principal) | D60: 1445000
B61: General Obligation Bonds (Interest) | D61: =+'Sch 14-Interest Expense'!E14 -> 1852611.6
B62: General Obligation Bonds (Principal) | D62: 4535000
B63: Other - Moran Frame promissory note (Interest) | D63: ='Sch 14-Interest Expense'!E59 -> 4748.49
B64: Other - Moran Frame promissory note (Principal) | D64: 118219
B65: Total | D65: =SUM(D59:D62) -> 9208138.5
D68: =+D59+D60+D61+D62 -> 9208138.5
